Workbook
Name _1Excel_BuiltIn_Print_Area_1_1_1: 'Прил 3'!$A$1:$C$34
Name _2Excel_BuiltIn_Print_Area_7_1_1: #REF!
Name _2Excel_BuiltIn_Print_Area_7_1_1: #REF!
Name _Toc105952698: 'Прил 4 '!$A$3
Name _Toc105952698: #REF!
Name Excel_BuiltIn_Print_Area_1: 'Прил 3'!$A$1:$C$34
Name Excel_BuiltIn_Print_Area_1_1: 'Прил 3'!$A$1:$C$34
Name Excel_BuiltIn_Print_Area_2: #REF!
Name Excel_BuiltIn_Print_Area_2: #REF!
Name Excel_BuiltIn_Print_Area_3: 'Прил 1'!$A$1:$C$32
Name Excel_BuiltIn_Print_Area_3_1: #REF!
Name Excel_BuiltIn_Print_Area_3_1: #REF!
Name Excel_BuiltIn_Print_Area_4: #REF!
Name Excel_BuiltIn_Print_Area_4: #REF!
Name Excel_BuiltIn_Print_Area_5: 'Прил 4 '!$A$1:$I$52
Name Excel_BuiltIn_Print_Area_5: #REF!
Name Excel_BuiltIn_Print_Area_5_1: 'Прил 4 '!$A$1:$I$52
Name Excel_BuiltIn_Print_Area_5_1: #REF!
Name Excel_BuiltIn_Print_Area_6: 'Прил 5'!$A$1:$G$46
Name Excel_BuiltIn_Print_Area_6_1: 'Прил 5'!$A$1:$G$46
Name Excel_BuiltIn_Print_Area_7: #REF!
Name Excel_BuiltIn_Print_Area_7: #REF!
Name Excel_BuiltIn_Print_Area_7_1: #REF!
Name Excel_BuiltIn_Print_Area_7_1: #REF!

Sheet Прил 1
C1: Приложение 1
A3: ПЕРЕЧЕНЬ АДМИНИСТРАТОРОВ ДОХОДОВ БЮДЖЕТА АДАШЕВСКОГО СЕЛЬСКОГО ПОСЕЛЕНИЯ КАДОШКИНСКОГО МУНИЦИПАЛЬНОГО РАЙОНА РЕСПУБЛИКИ МОРДОВИЯ
A5: Код бюджетной классификации Российской Федерации | C5: Наименование доходов бюджета
A6: админи- стратора доходов | B6: доходов бюджета
A7: 1 | B7: 2 | C7: 3
A9: 910 | B9: Администрация Адашевского сельского поселения Кадошкинского муниципального района Республики Мордовия
A11: 910 | B11: 1 08 04020 01 1000 110 | C11: Государственная пошлина за совершение нотариальных действий должностными лицами органов местного самоуправления, уполномоченными в соответствии с законодательными актами Российской Федерации на совершение нотариальных действий
A12: 910 | B12: 1 08 04020 01 4000 110 | C12: Государственная пошлина за совершение нотариальных действий должностными лицами органов местного самоуправления, уполномоченными в соответствии с законодательными актами Российской Федерации на совершение нотариальных действий (прочие поступления)
A13: 910 | B13: 1 11 02033 10 0000 120 | C13: Доходы от размещения временно свободных средств бюджетов сельских поселений
A14: 910 | B14: 1 11 05035 10 0000 120 | C14: Доходы от сдачи в аренду имущества, находящегося в оперативном управлении органов управления сельских поселений и созданных ими учреждений (за исключением имущества муниципальных бюджетных и автономных учреждений)
A15: 910 | B15: 1 11 09045 10 0000 120 | C15: Прочие поступления от использования имущества, находящегося в собственности сельских поселений (за исключением имущества муниципальных бюджетных и автономных учреждений, а также имущества муниципальных унитарных предприятий, в том числе казенных)
A16: 910 | B16: 1 13 01995 10 0000 130 | C16: Прочие доходы от оказания платных услуг (работ) получателями средств бюджетов сельских поселений
A17: 910 | B17: 1 13 02995 10 0000 130 | C17: Прочие доходы от компенсации затрат бюджетов сельских поселений
A18: 910 | B18: 1 14 02052 10 0000 410 | C18: Доходы от реализации имущества, находящегося в оперативном управлении учреждений, находящихся в ведении органов управления сельских поселений (за исключением имущества муниципальных бюджетных и автономных учреждений), в части реализации основных средств по указанному имуществу
A19: 910 | B19: 1 14 02052 10 0000 440 | C19: Доходы от реализации имущества, находящегося в оперативном управлении учреждений, находящихся в ведении органов управления сельских поселений (за исключением имущества муниципальных бюджетных и автономных учреждений), в части реализации материальных запасов по указанному имуществу
A20: 910 | B20: 1 14 02053 10 0000 410 | C20: Доходы от реализации иного имущества, находящегося в собственности сельских поселений (за исключением имущества муниципальных бюджетных и автономных учреждений, а также имущества муниципальных унитарных предприятий, в том числе казенных), в части реализации основных средств по указанному имуществу
A21: 910 | B21: 1 14 02053 10 0000 440 | C21: Доходы от реализации иного имущества, находящегося в собственности сельских поселений (за исключением имущества муниципальных бюджетных и автономных учреждений, а также имущества муниципальных унитарных предприятий, в том числе казенных), в части реализации материальных запасов по указанному имуществу
A22: 910 | B22: 1 14 06025 10 0000 430 | C22: Доходы от продажи земельных участков, находящихся в собственности сельских поселений (за исключением земельных участков муниципальных бюджетных и автономных учреждений)
... A37: 910 | B37: 2 08 05000 10 0000 150 | C37: Перечисления из бюджетов сельских поселений (в бюджеты поселений) для осуществления возврата (зачета) излишне уплаченных или излишне взысканных сумм налогов, сборов и иных платежей, а также сумм процентов за несвоевременное осуществление такого возврата и процентов, начисленных на излишне взысканные суммы

Sheet Прил 2
C1: Приложение 2
A3: ПЕРЕЧЕНЬ ГЛАВНЫХ АДМИНИСТРАТОРОВ ИСТОЧНИКОВ ФИНАНСИРОВАНИЯ ДЕФИЦИТА БЮДЖЕТА АДАШЕВСКОГО СЕЛЬСКОГО ПОСЕЛЕНИЯ КАДОШКИНСКОГО МУНИЦИПАЛЬНОГО РАЙОНА РЕСПУБЛИКИ МОРДОВИЯ
A6: Код бюджетной классификации Российской Федерации | C6: Наименование главного администратора источника финансирования бюджета
A7: админи- стратора | B7: источников внутреннего финансирования дефицита бюджета
A8: 1 | B8: 2 | C8: 3
A9: 910 | C9: Администрация Адашевского сельского поселения Кадошкинского муниципального района
A10: 910 | B10: 01 02 00 00 10 0000 710 | C10: Получение кредитов от других бюджетов бюджетной системы Российской Федерации бюджетами сельских поселений в валюте Российской Федерации
A11: 910 | B11: 01 03 01 00 10 0000 810 | C11: Погашение бюджетами сельских поселений кредитов от других бюджетов бюджетной системы Российской Федерации в валюте Российской Федерации

Sheet Прил 3
D1: Приложение 3
A3: ДОХОДЫ БЮДЖЕТА АДАШЕВСКОГО СЕЛЬСКОГО ПОСЕЛЕНИЯ КАДОШКИНСКОГО МУНИЦИПАЛЬНОГО РАЙОНА РЕСПУБЛИКИ МОРДОВИЯ
C5: (тыс.рублей)
A6: Код бюджетной классификации доходов бюджета | B6: Наименование доходов | C6: Сумма
C7: 2020 год | D7: 2021 год | E7: 2022 год
A8: 1 | B8: 2 | C8: 3 | D8: 4 | E8: 5
B9: ВСЕГО ДОХОДОВ | C9: =SUM(C10+C25) -> 1177.1 | D9: =SUM(D10+D25) -> 836.7 | E9: =SUM(E10+E25) -> 802.4
A10: 00010000000000000000 | B10: НАЛОГОВЫЕ И НЕНАЛОГОВЫЕ ДОХОДЫ | C10: =SUM(C11+C14+C16+C18+C21+C23) -> 471.2 | D10: =SUM(D11+D14+D16+D18+D21+D23) -> 467.9 | E10: =SUM(E11+E14+E16+E18+E21+E23) -> 469.5
A11: 00010100000000000000 | B11: НАЛОГИ НА ПРИБЫЛЬ, ДОХОДЫ | C11: =SUM(C12) -> 20.7 | D11: =SUM(D12) -> 21.6 | E11: =SUM(E12) -> 22.4
A12: 00010102000010000110 | B12: Налог на доходы физических лиц | C12: =SUM(C13) -> 20.7 | D12: =SUM(D13) -> 21.6 | E12: =SUM(E13) -> 22.4
A13: 18210102010010000110 | B13: Налог на доходы физических лиц с доходов, источником которых является налоговый агент, за исключением доходов, в отношении которых исчисление и уплата налога осуществляются в соответствии со статьями 227, 2271 и 228 Налогового кодекса Российской Федерации | C13: 20.7 | D13: 21.6 | E13: 22.4
A14: 00010500000000000000 | B14: НАЛОГИ НА СОВОКУПНЫЙ ДОХОД | C14: =SUM(C15) -> 28.3 | D14: =SUM(D15) -> 28.4 | E14: =SUM(E15) -> 28.5
A15: 18210503010010000110 | B15: Единый сельскохозяйственный налог | C15: 28.3 | D15: 28.4 | E15: 28.5
A16: 00010600000000000000 | B16: НАЛОГИ НА ИМУЩЕСТВО | C16: =SUM(C17) -> 55 | D16: =SUM(D17) -> 50 | E16: =SUM(E17) -> 50
A17: 18210601030100000110 | B17: Налог на имущество физических лиц, взимаемый по ставкам, применяемым к объектам налогообложения, расположенным в границах сельских поселений | C17: 55 | D17: 50 | E17: 50
A18: 00010606000000000110 | B18: Земельный налог | C18: =SUM(C19+C20) -> 350 | D18: =SUM(D19+D20) -> 350 | E18: =SUM(E19+E20) -> 350
A19: 18210606033100000110 | B19: Земельный налог с организаций, обладающих земельным участком, расположенным в границах сельских поселений | C19: 88 | D19: 88 | E19: 88
A20: 18210606043100000110 | B20: Земельный налог с физических лиц, обладающих земельным участком, расположенным в границах сельских поселений | C20: 262 | D20: 262 | E20: 262
A21: 00011100000000000000 | B21: ДОХОДЫ ОТ ИСПОЛЬЗОВАНИЯ ИМУЩЕСТВА, НАХОДЯЩЕГОСЯ В ГОСУДАРСТВЕННОЙ И МУНИЦИПАЛЬНОЙ СОБСТВЕННОСТИ | C21: =SUM(C22) -> 17.2 | D21: =SUM(D22) -> 17.9 | E21: =SUM(E22) -> 18.6
A22: 91011105035100000120 | B22: Доходы, получаемые в виде арендной платы, а также средства от продажи права на заключение договоров аренды за земли, находящиеся в собственности сельских поселений (за исключением земельных участков муниципальных бюджетных и автономных учреждений) | C22: 17.2 | D22: 17.9 | E22: 18.6
A23: 00011400000000000000 | B23: ДОХОДЫ ОТ ПРОДАЖИ МАТЕРИАЛЬНЫХ И НЕМАТЕРИАЛЬНЫХ АКТИВОВ | C23: =SUM(C24) -> 0 | D23: =SUM(D24) -> 0 | E23: =SUM(E24) -> 0
A24: 91011406025100000430 | B24: Доходы от продажи земельных участков, находящихся в собственности сельских поселений (за исключением земельных участков муниципальных бюджетных и автономных учреждений) | C24: 0 | D24: 0 | E24: 0
A25: 00020200000000000000 | B25: БЕЗВОЗМЕЗДНЫЕ ПОСТУПЛЕНИЯ ОТ ДРУГИХ БЮДЖЕТОВ БЮДЖЕТНОЙ СИСТЕМЫ РОССИЙСКОЙ ФЕДЕРАЦИИ | C25: =SUM(C30+C33+C26+C28) -> 705.9 | D25: =SUM(D30+D33+D26+D28) -> 368.8 | E25: =SUM(E30+E33+E26+E28) -> 332.9
A26: 00020210000000000150 | B26: Дотации бюджетам бюджетной системы Российской Федерации | C26: =C27 -> 27.8 | D26: =D27 -> 55.1 | E26: =E27 -> 0
A27: 91020215001100000150 | B27: Дотации бюджетам сельских поселений на выравнивание бюджетной обеспеченности | C27: 27.8 | D27: 55.1 | E27: 0
A28: 00020220000000000150 | B28: Субсидии бюджетам бюджетной системы Российской Федерации (межбюджетные субсидии) | C28: =C29 -> 380.2 | D28: =D29 -> 0 | E28: =E29 -> 0
A29: 91020229999100000150 | B29: Прочие субсидии бюджетам сельских поселений | C29: 380.2 | D29: 0 | E29: 0
A30: 00020230000000000150 | B30: Субвенции бюджетам бюджетной системы Российской Федерации | C30: =SUM(C31+C32) -> 78.8 | D30: =SUM(D31+D32) -> 78.9 | E30: =SUM(E31+E32) -> 80.7
A31: 91020230024100000150 | B31: Субвенции на осуществление государственных полномочий Республики Мордовия по определению перечня должностных лиц, уполномоченных составлять протоколы об административных правонарушениях, предусмотренных Законом Республики Мордовия от 15 июня 2015 года № 38-З "Об административной ответственности на территории Республики Мордовия" | C31: 0.1 | D31: 0.1 | E31: 0.1
A32: 91020235118100000150 | B32: Субвенции бюджетам сельских поселений на осуществление первичного воинского учета на территориях, где отсутствуют военные комиссариаты | C32: 78.7 | D32: 78.8 | E32: 80.6
A33: 00020240000000000150 | B33: Иные межбюджетные трансферты | C33: =SUM(C34) -> 219.1 | D33: =SUM(D34) -> 234.8 | E33: =SUM(E34) -> 252.2
A34: 91020240014100000150 | B34: Межбюджетные трансферты, передаваемые бюджетам сельских поселений из бюджетов муниципальных районов на осуществление части полномочий по решению вопросов местного значения в соответствии с заключенными соглашениями | C34: 219.1 | D34: 234.8 | E34: 252.2

Sheet Прил 4 
I1: Приложение 4
A3: РАСПРЕДЕЛЕНИЕ БЮДЖЕТНЫХ АССИГНОВАНИЙ БЮДЖЕТА АДАШЕВСКОГО СЕЛЬСКОГО ПОСЕЛЕНИЯ КАДОШКИНСКОГО МУНИЦИПАЛЬНОГО РАЙОНА РЕСПУБЛИКИ МОРДОВИЯ ПО РАЗДЕЛАМ, ПОДРАЗДЕЛАМ, ЦЕЛЕВЫМ СТАТЬЯМ (ГОСУДАРСТВЕННЫМ ПРОГРАММАМ И НЕПРОГРАММНЫМ НАПРАВЛЕНИЯМ ДЕЯТЕЛЬНОСТИ), ГРУППАМ (ГРУППАМ И ПОДГРУППАМ) ВИДОВ РАСХОДОВ КЛАССИФИКАЦИИ РАСХОДОВ БЮДЖЕТОВ НА 2020 ГОД И НА ПЛАНОВЫЙ ПЕРИОД 2021 И 2022 ГОДОВ
A5: Наименование | B5: Рз | C5: ПР | D5: ЦСР | H5: ВР | I5: Сумма (тыс. рублей)
I6: 2020 год | J6: 2021 год | K6: 2022 год
A7: 1 | B7: 2 | C7: 3 | D7: 4 | E7: 5 | F7: 6 | G7: 7 | H7: 8 | I7: 9 | J7: 10 | K7: 11
A8: ВСЕГО | I8: =I9+I59+I68+I75+I91+I98 -> 1200.7 | J8: =J9+J59+J68+J75+J91+J98 -> 836.7 | K8: =K9+K59+K68+K75+K91+K98 -> 802.4
A9: Общегосударственные вопросы | B9: 01 | I9: =I10+I19+I40 -> 772.6 | J9: =J10+J19+J40 -> 390.2 | K9: =K10+K19+K40 -> 348.8
A10: Функционирование высшего должностного лица субъекта Российской Федерации и муниципального образования | B10: 01 | C10: 02 | I10: =I11 -> 314.4 | J10: =J11 -> 146.3 | K10: =K11 -> 115.7
A11: Обеспечение деятельности администрации | B11: 01 | C11: 02 | D11: 65 | I11: =I12 -> 314.4 | J11: =J12 -> 146.3 | K11: =K12 -> 115.7
A12: Высшее должностное лицо | B12: 01 | C12: 02 | D12: 65 | E12: 1 | I12: =I13+I16 -> 314.4 | J12: =J13+J16 -> 146.3 | K12: =K13+K16 -> 115.7
A13: Расходы на выплаты по оплате труда высшего должностного лица | B13: 01 | C13: 02 | D13: 65 | E13: 1 | F13: 00 | G13: 41150 | I13: =I14 -> 140.1 | J13: =J14 -> 146.3 | K13: =K14 -> 115.7
A14: Расходы на выплаты персоналу в целях обеспечения выполнения функций государственными (муниципальными) органами, казенными учреждениями, органами управления государственными внебюджетными фондами | B14: 01 | C14: 02 | D14: 65 | E14: 1 | F14: 00 | G14: 41150 | H14: 100 | I14: =I15 -> 140.1 | J14: =J15 -> 146.3 | K14: =K15 -> 115.7
A15: Расходы на выплаты персоналу государственных (муниципальных) органов | B15: 01 | C15: 02 | D15: 65 | E15: 1 | F15: 00 | G15: 41150 | H15: 120 | I15: ='Прил 5'!J16 -> 140.1 | J15: ='Прил 5'!K16 -> 146.3 | K15: ='Прил 5'!L16 -> 115.7
A16: Субсидии на софинансирование расходных обязательств по финансовому обеспечению деятельности органов местного самоуправления и муниципальных учреждений | B16: 01 | C16: 02 | D16: 65 | E16: 1 | F16: 00 | G16: 44205 | I16: =I17 -> 174.3 | J16: =J17 -> 0 | K16: =K17 -> 0
A17: Расходы на выплаты персоналу в целях обеспечения выполнения функций государственными (муниципальными) органами, казенными учреждениями, органами управления государственными внебюджетными фондами | B17: 01 | C17: 02 | D17: 65 | E17: 1 | F17: 00 | G17: 44205 | H17: 100 | I17: =I18 -> 174.3 | J17: =J18 -> 0 | K17: =K18 -> 0
A18: Расходы на выплаты персоналу государственных (муниципальных) органов | B18: 01 | C18: 02 | D18: 65 | E18: 1 | F18: 00 | G18: 44205 | H18: 120 | I18: ='Прил 5'!J19 -> 174.3 | J18: ='Прил 5'!K19 -> 0 | K18: ='Прил 5'!L19 -> 0
A19: Функционирование Правительства Российской Федерации, высших органов исполнительной власти субъектов Российской Федерации, местных администраций | B19: 01 | C19: 04 | I19: =I20+I35 -> 457.2 | J19: =J20+J35 -> 242.9 | K19: =K20+K35 -> 232.1
A20: Обеспечение деятельности администрации | B20: 01 | C20: 04 | D20: 65 | I20: =I21 -> 457.1 | J20: =J21 -> 242.8 | K20: =K21 -> 232
A21: Непрограммные расходы в рамках обеспечения деятельности администрации | B21: 01 | C21: 04 | D21: 65 | E21: 2 | I21: =I22+I30+I25 -> 457.1 | J21: =J22+J30+J25 -> 242.8 | K21: =K22+K30+K25 -> 232
A22: Расходы на выплаты по оплате труда работников органов местного самоуправления | B22: 01 | C22: 04 | D22: 65 | E22: 2 | F22: 00 | G22: 41110 | I22: =I23 -> 103.6 | J22: =J23 -> 174.5 | K22: =K23 -> 163.5
A23: Расходы на выплаты персоналу в целях обеспечения выполнения функций государственными (муниципальными) органами, казенными учреждениями, органами управления государственными внебюджетными фондами | B23: 01 | C23: 04 | D23: 65 | E23: 2 | F23: 00 | G23: 41110 | H23: 100 | I23: =I24 -> 103.6 | J23: =J24 -> 174.5 | K23: =K24 -> 163.5
A24: Расходы на выплаты персоналу государственных (муниципальных) органов | B24: 01 | C24: 04 | D24: 65 | E24: 2 | F24: 00 | G24: 41110 | H24: 120 | I24: ='Прил 5'!J25 -> 103.6 | J24: ='Прил 5'!K25 -> 174.5 | K24: ='Прил 5'!L25 -> 163.5
A25: Расходы на обеспечение функций органов местного самоуправления | B25: 01 | C25: 04 | D25: 65 | E25: 2 | F25: 00 | G25: 41120 | I25: =I28+I26 -> 147.6 | J25: =J28+J26 -> 68.3 | K25: =K28+K26 -> 68.5
A26: Закупка товаров, работ и услуг для обеспечения государственных (муниципальных) нужд | B26: 01 | C26: 04 | D26: 65 | E26: 2 | F26: 00 | G26: 41120 | H26: 200 | I26: =I27 -> 90 | J26: =J27 -> 10.7 | K26: =K27 -> 10.9
A27: Иные закупки товаров, работ и услуг для обеспечения государственных (муниципальных) нужд | B27: 01 | C27: 04 | D27: 65 | E27: 2 | F27: 00 | G27: 41120 | H27: 240 | I27: ='Прил 5'!J28 -> 90 | J27: ='Прил 5'!K28 -> 10.7 | K27: ='Прил 5'!L28 -> 10.9
A28: Иные бюджетные ассигнования | B28: 01 | C28: 04 | D28: 65 | E28: 2 | F28: 00 | G28: 41120 | H28: 800 | I28: =I29 -> 57.6 | J28: =J29 -> 57.6 | K28: =K29 -> 57.6
A29: Уплата налогов, сборов и иных платежей | B29: 01 | C29: 04 | D29: 65 | E29: 2 | F29: 00 | G29: 41120 | H29: 850 | I29: ='Прил 5'!J30 -> 57.6 | J29: ='Прил 5'!K30 -> 57.6 | K29: ='Прил 5'!L30 -> 57.6
A30: Субсидии на софинансирование расходных обязательств по финансовому обеспечению деятельности органов местного самоуправления и муниципальных учреждений | B30: 01 | C30: 04 | D30: 65 | E30: 2 | F30: 00 | G30: 44205 | I30: =I31+I33 -> 205.9 | J30: =J31+J33 -> 0 | K30: =K31+K33 -> 0
A31: Расходы на выплаты персоналу в целях обеспечения выполнения функций государственными (муниципальными) органами, казенными учреждениями, органами управления государственными внебюджетными фондами | B31: 01 | C31: 04 | D31: 65 | E31: 2 | F31: 00 | G31: 44205 | H31: 100 | I31: =I32 -> 163.1 | J31: =J32 -> 0 | K31: =K32 -> 0
A32: Расходы на выплаты персоналу государственных (муниципальных) органов | B32: 01 | C32: 04 | D32: 65 | E32: 2 | F32: 00 | G32: 44205 | H32: 120 | I32: ='Прил 5'!J33 -> 163.1 | J32: ='Прил 5'!K33 -> 0 | K32: ='Прил 5'!L33 -> 0
A33: Закупка товаров, работ и услуг для обеспечения государственных (муниципальных) нужд | B33: 01 | C33: 04 | D33: 65 | E33: 2 | F33: 00 | G33: 44205 | H33: 200 | I33: =I34 -> 42.8 | J33: =J34 -> 0 | K33: =K34 -> 0
A34: Иные закупки товаров, работ и услуг для обеспечения государственных (муниципальных) нужд | B34: 01 | C34: 04 | D34: 65 | E34: 2 | F34: 00 | G34: 44205 | H34: 240 | I34: ='Прил 5'!J35 -> 42.8 | J34: ='Прил 5'!K35 -> 0 | K34: ='Прил 5'!L35 -> 0
A35: Непрограммные расходы главных распорядителей средств бюджета Адашевского сельского поселения Кадошкинского муниципального района Республики Мордовия | B35: 01 | C35: 04 | D35: 89 | I35: =I36 -> 0.1 | J35: =J36 -> 0.1 | K35: =K36 -> 0.1
A36: Непрограммные расходы в рамках обеспечения деятельности главных распорядителей средств бюджета Адашевского сельского поселения Кадошкинского муниципального района Республики Мордовия | B36: 01 | C36: 04 | D36: 89 | E36: 1 | I36: =I37 -> 0.1 | J36: =J37 -> 0.1 | K36: =K37 -> 0.1
A37: Осуществление государственных полномочий Республики Мордовия по определению перечня должностных лиц, уполномоченных составлять протоколы об административных правонарушениях, предусмотренных Законом Республики Мордовия от 15 июня 2015 года № 38-З "Об административной ответственности на территории Республики Мордовия" | B37: 01 | C37: 04 | D37: 89 | E37: 1 | F37: 00 | G37: 77150 | I37: =I38 -> 0.1 | J37: =J38 -> 0.1 | K37: =K38 -> 0.1
A38: Закупка товаров, работ и услуг для обеспечения государственных (муниципальных) нужд | B38: 01 | C38: 04 | D38: 89 | E38: 1 | F38: 00 | G38: 77150 | H38: 200 | I38: =I39 -> 0.1 | J38: =J39 -> 0.1 | K38: =K39 -> 0.1
A39: Иные закупки товаров, работ и услуг для обеспечения государственных (муниципальных) нужд | B39: 01 | C39: 04 | D39: 89 | E39: 1 | F39: 00 | G39: 77150 | H39: 240 | I39: ='Прил 5'!J40 -> 0.1 | J39: ='Прил 5'!K40 -> 0.1 | K39: ='Прил 5'!L40 -> 0.1
A40: Резервные фонды | B40: 01 | C40: 11 | I40: =I41 -> 1 | J40: =J41 -> 1 | K40: =K41 -> 1
A41: Непрограммные расходы главных распорядителей средств бюджета Адашевского сельского поселения Кадошкинского муниципального района Республики Мордовия | B41: 01 | C41: 11 | D41: 89 | I41: =I42 -> 1 | J41: =J42 -> 1 | K41: =K42 -> 1
A42: Непрограммные расходы в рамках обеспечения деятельности главных распорядителей средств бюджета Адашевского сельского поселения Кадошкинского муниципального района Республики Мордовия | B42: 01 | C42: 11 | D42: 89 | E42: 1 | I42: =I43 -> 1 | J42: =J43 -> 1 | K42: =K43 -> 1
A43: Резервный фонд администрации Адашевского сельского поселения Кадошкинского муниципального района Республики Мордовия | B43: 01 | C43: 11 | D43: 89 | E43: 1 | F43: 00 | G43: 41180 | I43: =I44 -> 1 | J43: =J44 -> 1 | K43: =K44 -> 1
A44: Иные бюджетные ассигнования | B44: 01 | C44: 11 | D44: 89 | E44: 1 | F44: 00 | G44: 41180 | H44: 800 | I44: =I45 -> 1 | J44: =J45 -> 1 | K44: =K45 -> 1
A45: Резервные средства | B45: 01 | C45: 11 | D45: 89 | E45: 1 | F45: 00 | G45: 41180 | H45: 870 | I45: ='Прил 5'!J46 -> 1 | J45: ='Прил 5'!K46 -> 1 | K45: ='Прил 5'!L46 -> 1
A46: Другие общегосударственные вопросы | B46: 01 | C46: 13
A47: Программа "Развитие муниципальной службы в Паевском сельском поселении на 2019-2022г.г." | B47: 01 | C47: 13 | D47: 01
A48: Подготовка, переподготовка и повышение квалификации кадров | B48: 01 | C48: 13 | D48: 01 | E48: 0 | F48: 00 | G48: 41250
A49: Прочая закупка товаров, работ и услуг | B49: 01 | C49: 13 | D49: 01 | E49: 0 | F49: 00 | G49: 41250 | H49: 244
A50: Противопожарная безопасность на территории Адашевского сельского поселения на 2019-2020г.г. | B50: 01 | C50: 13 | D50: 08
A51: Мероприятия по обеспечению пожарной безопасности | B51: 01 | C51: 13 | D51: 08 | E51: 0 | F51: 00 | G51: 42120
A52: Прочая закупка товаров, работ и услуг | B52: 01 | C52: 13 | D52: 08 | E52: 0 | F52: 00 | G52: 42120 | H52: 244
A53: Гармонизация межнациональных и межконфессиальных отношений в Паевском сельском поселении на 2016-2020г.г. | B53: 01 | C53: 13 | D53: 24
A54: Мероприятия, направленные на развитие межнациональных отношений | B54: 01 | C54: 13 | D54: 24 | E54: 0 | F54: 00 | G54: 42310
A55: Прочая закупка товаров, работ и услуг | B55: 01 | C55: 13 | D55: 24 | E55: 0 | F55: 00 | G55: 42310 | H55: 244
A56: Программа по противодействию терроризму и экстремизму на территории Адашевского сельского поселения на 2019-2020г.г. | B56: 01 | C56: 13 | D56: 31
A57: Мероприятия по укреплению общественного порядка и обеспечению общественной безопасности | B57: 01 | C57: 13 | D57: 31 | E57: 0 | F57: 00 | G57: 42300
A58: Прочая закупка товаров, работ и услуг | B58: 01 | C58: 13 | D58: 31 | E58: 0 | F58: 00 | G58: 42300 | H58: 244
A59: Национальная оборона | B59: 02 | I59: =I60 -> 78.7 | J59: =J60 -> 78.8 | K59: =K60 -> 80.6
A60: Мобилизационная и вневойсковая подготовка | B60: 02 | C60: 03 | I60: =I61 -> 78.7 | J60: =J61 -> 78.8 | K60: =K61 -> 80.6
A61: Непрограммные расходы главных распорядителей средств бюджета Адашевского сельского поселения Кадошкинского муниципального района Республики Мордовия | B61: 02 | C61: 03 | D61: 89 | I61: =I62 -> 78.7 | J61: =J62 -> 78.8 | K61: =K62 -> 80.6
A62: Непрограммные расходы в рамках обеспечения деятельности главных распорядителей средств бюджета Адашевского сельского поселения Кадошкинского муниципального района Республики Мордовия | B62: 02 | C62: 03 | D62: 89 | E62: 1 | I62: =I63 -> 78.7 | J62: =J63 -> 78.8 | K62: =K63 -> 80.6
A63: Осуществление первичного воинского учета на территориях, где отсутствуют военные комиссариаты | B63: 02 | C63: 03 | D63: 89 | E63: 1 | F63: 00 | G63: 51180 | I63: =I64+I66 -> 78.7 | J63: =J64+J66 -> 78.8 | K63: =K64+K66 -> 80.6
A64: Расходы на выплаты персоналу в целях обеспечения выполнения функций государственными (муниципальными) органами, казенными учреждениями, органами управления государственными внебюджетными фондами | B64: 02 | C64: 03 | D64: 89 | E64: 1 | F64: 00 | G64: 51180 | H64: 100 | I64: =I65 -> 74.8 | J64: =J65 -> 74.8 | K64: =K65 -> 76.6
A65: Расходы на выплаты персоналу государственных (муниципальных) органов | B65: 02 | C65: 03 | D65: 89 | E65: 1 | F65: 00 | G65: 51180 | H65: 120 | I65: ='Прил 5'!J53 -> 74.8 | J65: ='Прил 5'!K53 -> 74.8 | K65: ='Прил 5'!L53 -> 76.6
A66: Закупка товаров, работ и услуг для обеспечения государственных (муниципальных) нужд | B66: 02 | C66: 03 | D66: 89 | E66: 1 | F66: 00 | G66: 51180 | H66: 200 | I66: =I67 -> 3.9 | J66: =J67 -> 4 | K66: =K67 -> 4
A67: Иные закупки товаров, работ и услуг для обеспечения государственных (муниципальных) нужд | B67: 02 | C67: 03 | D67: 89 | E67: 1 | F67: 00 | G67: 51180 | H67: 240 | I67: ='Прил 5'!J55 -> 3.9 | J67: ='Прил 5'!K55 -> 4 | K67: ='Прил 5'!L55 -> 4
A68: Национальная экономика | B68: 04 | I68: =I69 -> 218.7 | J68: =J69 -> 234.4 | K68: =K69 -> 251.8
A69: Дорожное хозяйство (дорожные фонды) | B69: 04 | C69: 09 | I69: =I70 -> 218.7 | J69: =J70 -> 234.4 | K69: =K70 -> 251.8
A70: Непрограммные расходы главных распорядителей средств бюджета Адашевского сельского поселения Кадошкинского муниципального района Республики Мордовия | B70: 04 | C70: 09 | D70: 89 | I70: =I71 -> 218.7 | J70: =J72 -> 234.4 | K70: =K72 -> 251.8
A71: Непрограммные расходы в рамках обеспечения деятельности главных распорядителей средств бюджета Адашевского сельского поселения Кадошкинского муниципального района Республики Мордовия | B71: 04 | C71: 09 | D71: 89 | E71: 1 | I71: =I72 -> 218.7
A72: Осуществление полномочий по дорожной деятельности в отношении автомобильных дорог местного значения в границах населенных пунктов поселения и обеспечению безопасности дорожного движения на них | B72: 04 | C72: 09 | D72: 89 | E72: 1 | F72: 00 | G72: 44102 | I72: =I73 -> 218.7 | J72: =J73 -> 234.4 | K72: =K73 -> 251.8
A73: Закупка товаров, работ и услуг для обеспечения государственных (муниципальных) нужд | B73: 04 | C73: 09 | D73: 89 | E73: 1 | F73: 00 | G73: 44102 | H73: 200 | I73: =I74 -> 218.7 | J73: =J74 -> 234.4 | K73: =K74 -> 251.8
A74: Иные закупки товаров, работ и услуг для обеспечения государственных (муниципальных) нужд | B74: 04 | C74: 09 | D74: 89 | E74: 1 | F74: 00 | G74: 44102 | H74: 240 | I74: ='Прил 5'!J62 -> 218.7 | J74: ='Прил 5'!K62 -> 234.4 | K74: ='Прил 5'!L62 -> 251.8
A75: Жилищно-коммунальное хозяйство | B75: 05 | I75: =I76+I82 -> 63.3 | J75: =J76+J82 -> 63.2 | K75: =K76+K82 -> 48.9
A76: Коммунальное хозяйство | B76: 05 | C76: 02 | I76: =I77 -> 0.4 | J76: =J77 -> 0.4 | K76: =K77 -> 0.4
A77: Непрограммные расходы главных распорядителей средств бюджета Адашевского сельского поселения Кадошкинского муниципального района Республики Мордовия | B77: 05 | C77: 02 | D77: 89 | I77: =I78 -> 0.4 | J77: =J78 -> 0.4 | K77: =K78 -> 0.4
A78: Непрограммные расходы в рамках обеспечения деятельности главных распорядителей средств бюджета Адашевского сельского поселения Кадошкинского муниципального района Республики Мордовия | B78: 05 | C78: 02 | D78: 89 | E78: 1 | I78: =I79 -> 0.4 | J78: =J79 -> 0.4 | K78: =K79 -> 0.4
A79: Осуществление полномочий по организации в границах поселений электро-, тепло-, газо- и водоснабжения населения, водоотведения в пределах полномочий, установленных законодательством Российской Федерации | B79: 05 | C79: 02 | D79: 89 | E79: 1 | F79: 00 | G79: 44101 | I79: =I80 -> 0.4 | J79: =J80 -> 0.4 | K79: =K80 -> 0.4
A80: Закупка товаров, работ и услуг для обеспечения государственных (муниципальных) нужд | B80: 05 | C80: 02 | D80: 89 | E80: 1 | F80: 00 | G80: 44101 | H80: 200 | I80: =I81 -> 0.4 | J80: =J81 -> 0.4 | K80: =K81 -> 0.4
A81: Иные закупки товаров, работ и услуг для обеспечения государственных (муниципальных) нужд | B81: 05 | C81: 02 | D81: 89 | E81: 1 | F81: 00 | G81: 44101 | H81: 240 | I81: ='Прил 5'!J69 -> 0.4 | J81: ='Прил 5'!K69 -> 0.4 | K81: ='Прил 5'!L69 -> 0.4
A82: Благоустройство | B82: 05 | C82: 03 | I82: =I83 -> 62.9 | J82: =J83 -> 62.8 | K82: =K83 -> 48.5
A83: Непрограммные расходы главных распорядителей средств бюджета Адашевского сельского поселения Кадошкинского муниципального района Республики Мордовия | B83: 05 | C83: 03 | D83: 89 | I83: =I84 -> 62.9 | J83: =J84 -> 62.8 | K83: =K84 -> 48.5
A84: Непрограммные расходы в рамках обеспечения деятельности главных распорядителей средств бюджета Адашевского сельского поселения Кадошкинского муниципального района Республики Мордовия | D84: 89 | E84: 1 | I84: =I85+I88 -> 62.9 | J84: =J85+J88 -> 62.8 | K84: =K85+K88 -> 48.5
A85: Уличное освещение | B85: 05 | C85: 03 | D85: 89 | E85: 1 | F85: 00 | G85: 43010 | I85: =I86 -> 47 | J85: =J86 -> 45.7 | K85: =K86 -> 36.4
A86: Закупка товаров, работ и услуг для обеспечения государственных (муниципальных) нужд | B86: 05 | C86: 03 | D86: 89 | E86: 1 | F86: 00 | G86: 43010 | H86: 200 | I86: =I87 -> 47 | J86: =J87 -> 45.7 | K86: =K87 -> 36.4
A87: Иные закупки товаров, работ и услуг для обеспечения государственных (муниципальных) нужд | B87: 05 | C87: 03 | D87: 89 | E87: 1 | F87: 00 | G87: 43010 | H87: 240 | I87: ='Прил 5'!J75 -> 47 | J87: ='Прил 5'!K75 -> 45.7 | K87: ='Прил 5'!L75 -> 36.4
A88: Прочие мероприятия по благоустройству | B88: 05 | C88: 03 | D88: 89 | E88: 1 | F88: 00 | G88: 43040 | I88: =I89 -> 15.9 | J88: =J89 -> 17.1 | K88: =K89 -> 12.1
A89: Закупка товаров, работ и услуг для обеспечения государственных (муниципальных) нужд | B89: 05 | C89: 03 | D89: 89 | E89: 1 | F89: 00 | G89: 43040 | H89: 200 | I89: =I90 -> 15.9 | J89: =J90 -> 17.1 | K89: =K90 -> 12.1
A90: Иные закупки товаров, работ и услуг для обеспечения государственных (муниципальных) нужд | B90: 05 | C90: 03 | D90: 89 | E90: 1 | F90: 00 | G90: 43040 | H90: 240 | I90: ='Прил 5'!J78 -> 15.9 | J90: ='Прил 5'!K78 -> 17.1 | K90: ='Прил 5'!L78 -> 12.1
A91: Социальная политика | B91: 10 | I91: =I92 -> 66.4 | J91: =J92 -> 69.1 | K91: =K92 -> 71.3
A92: Пенсионное обеспечение | B92: 10 | C92: 01 | I92: =I93 -> 66.4 | J92: =J93 -> 69.1 | K92: =K93 -> 71.3
A93: Непрограммные расходы главных распорядителей средств бюджета Адашевского сельского поселения Кадошкинского муниципального района Республики Мордовия | B93: 10 | C93: 01 | D93: 89 | I93: =I94 -> 66.4 | J93: =J94 -> 69.1 | K93: =K94 -> 71.3
A94: Непрограммные расходы в рамках обеспечения деятельности главных распорядителей средств бюджета Адашевского сельского поселения Кадошкинского муниципального района Республики Мордовия | B94: 10 | C94: 01 | D94: 89 | E94: 1 | I94: =I95 -> 66.4 | J94: =J95 -> 69.1 | K94: =K95 -> 71.3
A95: Доплаты к пенсиям муниципальных служащих Республики Мордовия | B95: 10 | C95: 01 | D95: 89 | E95: 1 | F95: 00 | G95: 03010 | I95: =I96 -> 66.4 | J95: =J96 -> 69.1 | K95: =K96 -> 71.3
A96: Социальное обеспечение и иные выплаты населению | B96: 10 | C96: 01 | D96: 89 | E96: 1 | F96: 00 | G96: 03010 | H96: 300 | I96: =I97 -> 66.4 | J96: =J97 -> 69.1 | K96: =K97 -> 71.3
A97: Публичные нормативные социальные выплаты гражданам | B97: 10 | C97: 01 | D97: 89 | E97: 1 | F97: 00 | G97: 03010 | H97: 310 | I97: ='Прил 5'!J85 -> 66.4 | J97: ='Прил 5'!K85 -> 69.1 | K97: ='Прил 5'!L85 -> 71.3
A98: Обслуживание государственного и муниципального долга | B98: 13 | I98: =I99 -> 1 | J98: =J99 -> 1 | K98: =K99 -> 1
A99: Обслуживание государственного внутреннего и муниципального долга | B99: 13 | C99: 01 | I99: =I100 -> 1 | J99: =J100 -> 1 | K99: =K100 -> 1
A100: Непрограммные расходы главных распорядителей средств бюджета Адашевского сельского поселения Кадошкинского муниципального района Республики Мордовия | B100: 13 | C100: 01 | D100: 89 | E100: 0 | I100: =I101 -> 1 | J100: =J101 -> 1 | K100: =K101 -> 1
A101: Непрограммные расходы в рамках обеспечения деятельности главных распорядителей средств бюджета Адашевского сельского поселения Кадошкинского муниципального района Республики Мордовия | B101: 13 | C101: 01 | D101: 89 | E101: 1 | I101: =I102 -> 1 | J101: =J102 -> 1 | K101: =K102 -> 1
A102: Процентные платежи по муниципальному долгу | B102: 13 | C102: 01 | D102: 89 | E102: 1 | F102: 00 | G102: 41240 | I102: =I103 -> 1 | J102: =J103 -> 1 | K102: =K103 -> 1
...

Sheet Прил 5
H1: Приложение 5
A3: ВЕДОМСТВЕННАЯ СТРУКТУРА РАСХОДОВ БЮДЖЕТА АДАШЕВСКОГО СЕЛЬСКОГО ПОСЕЛЕНИЯ КАДОШКИНСКОГО МУНИЦИПАЛЬНОГО РАЙОНА РЕСПУБЛИКИ МОРДОВИЯ НА 2020 ГОД И НА ПЛАНОВЫЙ ПЕРИОД 2021 И 2022 ГОДОВ
A5: Наименование | B5: Адм | C5: Рз | D5: ПРз | E5: ЦСР | I5: ВР | J5: Сумма (тыс. рублей)
J6: 2020 год | K6: 2021 год | L6: 2022 год
A7: 1 | B7: 2 | C7: 3 | D7: 4 | E7: 5 | F7: 6 | G7: 7 | H7: 8 | I7: 9 | J7: 10 | K7: 11 | L7: 12
A8: ВСЕГО | J8: =J9 -> 1200.7 | K8: =K9 -> 836.7 | L8: =L9 -> 802.4
A9: Администрация Адашевского сельского поселения Кадошкинского муниципального района Республики Мордовия | B9: 910 | J9: =J10+J47+J56+J63+J79+J86 -> 1200.7 | K9: =K10+K47+K56+K63+K79+K86 -> 836.7 | L9: =L10+L47+L56+L63+L79+L86 -> 802.4
A10: Общегосударственные вопросы | B10: 910 | C10: 01 | J10: =J11+J20+J41 -> 772.6 | K10: =K11+K20+K41 -> 390.2 | L10: =L11+L20+L41 -> 348.8
A11: Функционирование высшего должностного лица субъекта Российской Федерации и муниципального образования | B11: 910 | C11: 01 | D11: 02 | J11: =J12 -> 314.4 | K11: =K12 -> 146.3 | L11: =L12 -> 115.7
A12: Обеспечение деятельности администрации | B12: 910 | C12: 01 | D12: 02 | E12: 65 | J12: =J13 -> 314.4 | K12: =K13 -> 146.3 | L12: =L13 -> 115.7
A13: Высшее должностное лицо | B13: 910 | C13: 01 | D13: 02 | E13: 65 | F13: 1 | J13: =J14+J17 -> 314.4 | K13: =K14+K17 -> 146.3 | L13: =L14+L17 -> 115.7
A14: Расходы на выплаты по оплате труда высшего должностного лица | B14: 910 | C14: 01 | D14: 02 | E14: 65 | F14: 1 | G14: 00 | H14: 41150 | J14: =J15 -> 140.1 | K14: =K15 -> 146.3 | L14: =L15 -> 115.7
A15: Расходы на выплаты персоналу в целях обеспечения выполнения функций государственными (муниципальными) органами, казенными учреждениями, органами управления государственными внебюджетными фондами | B15: 910 | C15: 01 | D15: 02 | E15: 65 | F15: 1 | G15: 00 | H15: 41150 | I15: 100 | J15: =J16 -> 140.1 | K15: =K16 -> 146.3 | L15: =L16 -> 115.7
A16: Расходы на выплаты персоналу государственных (муниципальных) органов | B16: 910 | C16: 01 | D16: 02 | E16: 65 | F16: 1 | G16: 00 | H16: 41150 | I16: 120 | J16: 140.1 | K16: 146.3 | L16: 115.7
A17: Субсидии на софинансирование расходных обязательств по финансовому обеспечению деятельности органов местного самоуправления и муниципальных учреждений | B17: 910 | C17: 01 | D17: 02 | E17: 65 | F17: 1 | G17: 00 | H17: 44205 | J17: =J18 -> 174.3 | K17: =K18 -> 0 | L17: =L18 -> 0
A18: Расходы на выплаты персоналу в целях обеспечения выполнения функций государственными (муниципальными) органами, казенными учреждениями, органами управления государственными внебюджетными фондами | B18: 910 | C18: 01 | D18: 02 | E18: 65 | F18: 1 | G18: 00 | H18: 44205 | I18: 100 | J18: =J19 -> 174.3 | K18: =K19 -> 0 | L18: =L19 -> 0
A19: Расходы на выплаты персоналу государственных (муниципальных) органов | B19: 910 | C19: 01 | D19: 02 | E19: 65 | F19: 1 | G19: 00 | H19: 44205 | I19: 120 | J19: 174.3 | K19: 0 | L19: 0
A20: Функционирование Правительства Российской Федерации, высших органов исполнительной власти субъектов Российской Федерации, местных администраций | B20: 910 | C20: 01 | D20: 04 | J20: =J21+J36 -> 457.2 | K20: =K21+K36 -> 242.9 | L20: =L21+L36 -> 232.1
A21: Обеспечение деятельности администрации | B21: 910 | C21: 01 | D21: 04 | E21: 65 | J21: =J22 -> 457.1 | K21: =K22 -> 242.8 | L21: =L22 -> 232
A22: Непрограммные расходы в рамках обеспечения деятельности администрации | B22: 910 | C22: 01 | D22: 04 | E22: 65 | F22: 2 | J22: =J24+J26+J31 -> 457.1 | K22: =K24+K26+K31 -> 242.8 | L22: =L24+L26+L31 -> 232
A23: Расходы на выплаты по оплате труда работников органов местного самоуправления | B23: 910 | C23: 01 | D23: 04 | E23: 65 | F23: 2 | G23: 00 | H23: 41110 | J23: =J24 -> 103.6 | K23: =K24 -> 174.5 | L23: =L24 -> 163.5
A24: Расходы на выплаты персоналу в целях обеспечения выполнения функций государственными (муниципальными) органами, казенными учреждениями, органами управления государственными внебюджетными фондами | B24: 910 | C24: 01 | D24: 04 | E24: 65 | F24: 2 | G24: 00 | H24: 41110 | I24: 100 | J24: =J25 -> 103.6 | K24: =K25 -> 174.5 | L24: =L25 -> 163.5
A25: Расходы на выплаты персоналу государственных (муниципальных) органов | B25: 910 | C25: 01 | D25: 04 | E25: 65 | F25: 2 | G25: 00 | H25: 41110 | I25: 120 | J25: 103.6 | K25: 174.5 | L25: 163.5
A26: Расходы на обеспечение функций органов местного самоуправления | B26: 910 | C26: 01 | D26: 04 | E26: 65 | F26: 2 | G26: 00 | H26: 41120 | J26: =J29+J27 -> 147.6 | K26: =K29+K27 -> 68.3 | L26: =L29+L27 -> 68.5
A27: Закупка товаров, работ и услуг для обеспечения государственных (муниципальных) нужд | B27: 910 | C27: 01 | D27: 04 | E27: 65 | F27: 2 | G27: 00 | H27: 41120 | I27: 200 | J27: =J28 -> 90 | K27: =K28 -> 10.7 | L27: =L28 -> 10.9
A28: Иные закупки товаров, работ и услуг для обеспечения государственных (муниципальных) нужд | B28: 910 | C28: 01 | D28: 04 | E28: 65 | F28: 2 | G28: 00 | H28: 41120 | I28: 240 | J28: 90 | K28: 10.7 | L28: 10.9
A29: Иные бюджетные ассигнования | B29: 910 | C29: 01 | D29: 04 | E29: 65 | F29: 2 | G29: 00 | H29: 41120 | I29: 800 | J29: =J30 -> 57.6 | K29: =K30 -> 57.6 | L29: =L30 -> 57.6
A30: Уплата налогов, сборов и иных платежей | B30: 910 | C30: 01 | D30: 04 | E30: 65 | F30: 2 | G30: 00 | H30: 41120 | I30: 850 | J30: 57.6 | K30: 57.6 | L30: 57.6
A31: Субсидии на софинансирование расходных обязательств по финансовому обеспечению деятельности органов местного самоуправления и муниципальных учреждений | B31: 910 | C31: 01 | D31: 04 | E31: 65 | F31: 2 | G31: 00 | H31: 44205 | J31: =J32+J34 -> 205.9 | K31: =K32+K34 -> 0 | L31: =L32+L34 -> 0
A32: Расходы на выплаты персоналу в целях обеспечения выполнения функций государственными (муниципальными) органами, казенными учреждениями, органами управления государственными внебюджетными фондами | B32: 910 | C32: 01 | D32: 04 | E32: 65 | F32: 2 | G32: 00 | H32: 44205 | I32: 100 | J32: =J33 -> 163.1 | K32: =K33 -> 0 | L32: =L33 -> 0
A33: Расходы на выплаты персоналу государственных (муниципальных) органов | B33: 910 | C33: 01 | D33: 04 | E33: 65 | F33: 2 | G33: 00 | H33: 44205 | I33: 120 | J33: 163.1 | K33: 0 | L33: 0
A34: Закупка товаров, работ и услуг для обеспечения государственных (муниципальных) нужд | B34: 910 | C34: 01 | D34: 04 | E34: 65 | F34: 2 | G34: 00 | H34: 44205 | I34: 200 | J34: =J35 -> 42.8 | K34: =K35 -> 0 | L34: =L35 -> 0
A35: Иные закупки товаров, работ и услуг для обеспечения государственных (муниципальных) нужд | B35: 910 | C35: 01 | D35: 04 | E35: 65 | F35: 2 | G35: 00 | H35: 44205 | I35: 240 | J35: 42.8 | K35: 0 | L35: 0
A36: Непрограммные расходы главных распорядителей средств бюджета Адашевского сельского поселения Кадошкинского муниципального района Республики Мордовия | B36: 910 | C36: 01 | D36: 04 | E36: 89 | J36: =J37 -> 0.1 | K36: =K37 -> 0.1 | L36: =L37 -> 0.1
A37: Непрограммные расходы в рамках обеспечения деятельности главных распорядителей средств бюджета Адашевского сельского поселения Кадошкинского муниципального района Республики Мордовия | B37: 910 | C37: 01 | D37: 04 | E37: 89 | F37: 1 | J37: =J38 -> 0.1 | K37: =K38 -> 0.1 | L37: =L38 -> 0.1
A38: Осуществление государственных полномочий Республики Мордовия по определению перечня должностных лиц, уполномоченных составлять протоколы об административных правонарушениях, предусмотренных Законом Республики Мордовия от 15 июня 2015 года № 38-З "Об административной ответственности на территории Республики Мордовия" | B38: 910 | C38: 01 | D38: 04 | E38: 89 | F38: 1 | G38: 00 | H38: 77150 | J38: =J39 -> 0.1 | K38: =K39 -> 0.1 | L38: =L39 -> 0.1
A39: Закупка товаров, работ и услуг для обеспечения государственных (муниципальных) нужд | B39: 910 | C39: 01 | D39: 04 | E39: 89 | F39: 1 | G39: 00 | H39: 77150 | I39: 200 | J39: =J40 -> 0.1 | K39: =K40 -> 0.1 | L39: =L40 -> 0.1
A40: Иные закупки товаров, работ и услуг для обеспечения государственных (муниципальных) нужд | B40: 910 | C40: 01 | D40: 04 | E40: 89 | F40: 1 | G40: 00 | H40: 77150 | I40: 240 | J40: 0.1 | K40: 0.1 | L40: 0.1
A41: Резервные фонды | B41: 910 | C41: 01 | D41: 11 | J41: =J42 -> 1 | K41: =K42 -> 1 | L41: =L42 -> 1
A42: Непрограммные расходы главных распорядителей средств бюджета Адашевского сельского поселения Кадошкинского муниципального района Республики Мордовия | B42: 910 | C42: 01 | D42: 11 | E42: 89 | J42: =J43 -> 1 | K42: =K43 -> 1 | L42: =L43 -> 1
A43: Непрограммные расходы в рамках обеспечения деятельности главных распорядителей средств бюджета Адашевского сельского поселения Кадошкинского муниципального района Республики Мордовия | B43: 910 | C43: 01 | D43: 11 | E43: 89 | F43: 1 | J43: =J44 -> 1 | K43: =K44 -> 1 | L43: =L44 -> 1
A44: Резервный фонд администрации Адашевского сельского поселения Кадошкинского муниципального района Республики Мордовия | B44: 910 | C44: 01 | D44: 11 | E44: 89 | F44: 1 | G44: 00 | H44: 41180 | J44: =J45 -> 1 | K44: =K45 -> 1 | L44: =L45 -> 1
A45: Иные бюджетные ассигнования | B45: 910 | C45: 01 | D45: 11 | E45: 89 | F45: 1 | G45: 00 | H45: 41180 | I45: 800 | J45: =J46 -> 1 | K45: =K46 -> 1 | L45: =L46 -> 1
A46: Резервные средства | B46: 910 | C46: 01 | D46: 11 | E46: 89 | F46: 1 | G46: 00 | H46: 41180 | I46: 870 | J46: 1 | K46: 1 | L46: 1
A47: Национальная оборона | B47: 910 | C47: 02 | J47: =J48 -> 78.7 | K47: =K48 -> 78.8 | L47: =L48 -> 80.6
A48: Мобилизационная и вневойсковая подготовка | B48: 910 | C48: 02 | D48: 03 | J48: =J51 -> 78.7 | K48: =K51 -> 78.8 | L48: =L51 -> 80.6
A49: Непрограммные расходы главных распорядителей средств бюджета Адашевского сельского поселения Кадошкинского муниципального района Республики Мордовия | B49: 910 | C49: 02 | D49: 03 | E49: 89 | J49: =J50 -> 78.7 | K49: =K50 -> 78.8 | L49: =L50 -> 80.6
A50: Непрограммные расходы в рамках обеспечения деятельности главных распорядителей средств бюджета Адашевского сельского поселения Кадошкинского муниципального района Республики Мордовия | B50: 910 | C50: 02 | D50: 03 | E50: 89 | F50: 1 | J50: =J51 -> 78.7 | K50: =K51 -> 78.8 | L50: =L51 -> 80.6
A51: Осуществление первичного воинского учета на территориях, где отсутствуют военные комиссариаты | B51: 910 | C51: 02 | D51: 03 | E51: 89 | F51: 1 | G51: 00 | H51: 51180 | J51: =J52+J54 -> 78.7 | K51: =K52+K54 -> 78.8 | L51: =L52+L54 -> 80.6
A52: Расходы на выплаты персоналу в целях обеспечения выполнения функций государственными (муниципальными) органами, казенными учреждениями, органами управления государственными внебюджетными фондами | B52: 910 | C52: 02 | D52: 03 | E52: 89 | F52: 1 | G52: 00 | H52: 51180 | I52: 100 | J52: =J53 -> 74.8 | K52: =K53 -> 74.8 | L52: =L53 -> 76.6
A53: Расходы на выплаты персоналу государственных (муниципальных) органов | B53: 910 | C53: 02 | D53: 03 | E53: 89 | F53: 1 | G53: 00 | H53: 51180 | I53: 120 | J53: 74.8 | K53: 74.8 | L53: 76.6
A54: Закупка товаров, работ и услуг для обеспечения государственных (муниципальных) нужд | B54: 910 | C54: 02 | D54: 03 | E54: 89 | F54: 1 | G54: 00 | H54: 51180 | I54: 200 | J54: =J55 -> 3.9 | K54: =K55 -> 4 | L54: =L55 -> 4
A55: Иные закупки товаров, работ и услуг для обеспечения государственных (муниципальных) нужд | B55: 910 | C55: 02 | D55: 03 | E55: 89 | F55: 1 | G55: 00 | H55: 51180 | I55: 240 | J55: 3.9 | K55: 4 | L55: 4
A56: Национальная экономика | B56: 910 | C56: 04 | J56: =J57 -> 218.7 | K56: =K57 -> 234.4 | L56: =L57 -> 251.8
A57: Дорожное хозяйство (дорожные фонды) | B57: 910 | C57: 04 | D57: 09 | J57: =J58 -> 218.7 | K57: =K58 -> 234.4 | L57: =L58 -> 251.8
A58: Непрограммные расходы главных распорядителей средств бюджета Адашевского сельского поселения Кадошкинского муниципального района Республики Мордовия | B58: 910 | C58: 04 | D58: 09 | E58: 89 | J58: =J60 -> 218.7 | K58: =K60 -> 234.4 | L58: =L60 -> 251.8
A59: Непрограммные расходы в рамках обеспечения деятельности главных распорядителей средств бюджета Адашевского сельского поселения Кадошкинского муниципального района Республики Мордовия | B59: 910 | C59: 04 | D59: 09 | E59: 89 | F59: 1
A60: Осуществление полномочий по дорожной деятельности в отношении автомобильных дорог местного значения в границах населенных пунктов поселения и обеспечению безопасности дорожного движения на них | B60: 910 | C60: 04 | D60: 09 | E60: 89 | F60: 1 | G60: 00 | H60: 44102 | J60: =J61 -> 218.7 | K60: =K61 -> 234.4 | L60: =L61 -> 251.8
A61: Закупка товаров, работ и услуг для обеспечения государственных (муниципальных) нужд | B61: 910 | C61: 04 | D61: 09 | E61: 89 | F61: 1 | G61: 00 | H61: 44102 | I61: 200 | J61: =J62 -> 218.7 | K61: =K62 -> 234.4 | L61: =L62 -> 251.8
A62: Иные закупки товаров, работ и услуг для обеспечения государственных (муниципальных) нужд | B62: 910 | C62: 04 | D62: 09 | E62: 89 | F62: 1 | G62: 00 | H62: 44102 | I62: 240 | J62: 218.7 | K62: 234.4 | L62: 251.8
A63: Жилищно-коммунальное хозяйство | B63: 910 | C63: 05 | J63: =J64+J70 -> 63.3 | K63: =K64+K70 -> 63.2 | L63: =L64+L70 -> 48.9
A64: Коммунальное хозяйство | B64: 910 | C64: 05 | D64: 02 | J64: =J65 -> 0.4 | K64: =K65 -> 0.4 | L64: =L65 -> 0.4
A65: Непрограммные расходы главных распорядителей средств бюджета Адашевского сельского поселения Кадошкинского муниципального района Республики Мордовия | B65: 910 | C65: 05 | D65: 02 | E65: 89 | J65: =J66 -> 0.4 | K65: =K66 -> 0.4 | L65: =L66 -> 0.4
A66: Непрограммные расходы в рамках обеспечения деятельности главных распорядителей средств бюджета Адашевского сельского поселения Кадошкинского муниципального района Республики Мордовия | B66: 910 | C66: 05 | D66: 02 | E66: 89 | F66: 1 | J66: =J67 -> 0.4 | K66: =K67 -> 0.4 | L66: =L67 -> 0.4
A67: Осуществление полномочий по организации в границах поселений электро-, тепло-, газо- и водоснабжения населения, водоотведения в пределах полномочий, установленных законодательством Российской Федерации | B67: 910 | C67: 05 | D67: 02 | E67: 89 | F67: 1 | G67: 00 | H67: 44101 | J67: =J68 -> 0.4 | K67: =K68 -> 0.4 | L67: =L68 -> 0.4
A68: Закупка товаров, работ и услуг для обеспечения государственных (муниципальных) нужд | B68: 910 | C68: 05 | D68: 02 | E68: 89 | F68: 1 | G68: 00 | H68: 44101 | I68: 200 | J68: =J69 -> 0.4 | K68: =K69 -> 0.4 | L68: =L69 -> 0.4
A69: Иные закупки товаров, работ и услуг для обеспечения государственных (муниципальных) нужд | B69: 910 | C69: 05 | D69: 02 | E69: 89 | F69: 1 | G69: 00 | H69: 44101 | I69: 240 | J69: 0.4 | K69: 0.4 | L69: 0.4
A70: Благоустройство | B70: 910 | C70: 05 | D70: 03 | J70: =J71 -> 62.9 | K70: =K71 -> 62.8 | L70: =L71 -> 48.5
A71: Непрограммные расходы главных распорядителей средств бюджета Адашевского сельского поселения Кадошкинского муниципального района Республики Мордовия | B71: 910 | C71: 05 | D71: 03 | E71: 89 | J71: =J73+J76 -> 62.9 | K71: =K73+K76 -> 62.8 | L71: =L73+L76 -> 48.5
A72: Непрограммные расходы в рамках обеспечения деятельности главных распорядителей средств бюджета Адашевского сельского поселения Кадошкинского муниципального района Республики Мордовия | B72: 910 | C72: 05 | D72: 03 | E72: 89 | F72: 1 | J72: =J73+J76 -> 62.9 | K72: =K73+K76 -> 62.8 | L72: =L73+L76 -> 48.5
A73: Уличное освещение | B73: 910 | C73: 05 | D73: 03 | E73: 89 | F73: 1 | G73: 00 | H73: 43010 | J73: =J74 -> 47 | K73: =K74 -> 45.7 | L73: =L74 -> 36.4
A74: Закупка товаров, работ и услуг для обеспечения государственных (муниципальных) нужд | B74: 910 | C74: 05 | D74: 03 | E74: 89 | F74: 1 | G74: 00 | H74: 43010 | I74: 200 | J74: =J75 -> 47 | K74: =K75 -> 45.7 | L74: =L75 -> 36.4
A75: Иные закупки товаров, работ и услуг для обеспечения государственных (муниципальных) нужд | B75: 910 | C75: 05 | D75: 03 | E75: 89 | F75: 1 | G75: 00 | H75: 43010 | I75: 240 | J75: 47 | K75: 45.7 | L75: 36.4
A76: Прочие мероприятия по благоустройству | B76: 910 | C76: 05 | D76: 03 | E76: 89 | F76: 1 | G76: 00 | H76: 43040 | J76: =J77 -> 15.9 | K76: =K77 -> 17.1 | L76: =L77 -> 12.1
A77: Закупка товаров, работ и услуг для обеспечения государственных (муниципальных) нужд | B77: 910 | C77: 05 | D77: 03 | E77: 89 | F77: 1 | G77: 00 | H77: 43040 | I77: 200 | J77: =J78 -> 15.9 | K77: =K78 -> 17.1 | L77: =L78 -> 12.1
A78: Иные закупки товаров, работ и услуг для обеспечения государственных (муниципальных) нужд | B78: 910 | C78: 05 | D78: 03 | E78: 89 | F78: 1 | G78: 00 | H78: 43040 | I78: 240 | J78: 15.9 | K78: 17.1 | L78: 12.1
A79: Социальная политика | B79: 910 | C79: 10 | J79: =J80 -> 66.4 | K79: =K80 -> 69.1 | L79: =L80 -> 71.3
A80: Пенсионное обеспечение | B80: 910 | C80: 10 | D80: 01 | J80: =J81 -> 66.4 | K80: =K81 -> 69.1 | L80: =L81 -> 71.3
A81: Непрограммные расходы главных распорядителей средств бюджета Адашевского сельского поселения Кадошкинского муниципального района Республики Мордовия | B81: 910 | C81: 10 | D81: 01 | E81: 89 | J81: =J82 -> 66.4 | K81: =K82 -> 69.1 | L81: =L82 -> 71.3
A82: Непрограммные расходы в рамках обеспечения деятельности главных распорядителей средств бюджета Адашевского сельского поселения Кадошкинского муниципального района Республики Мордовия | B82: 910 | C82: 10 | D82: 01 | E82: 89 | F82: 1 | J82: =J83 -> 66.4 | K82: =K83 -> 69.1 | L82: =L83 -> 71.3
A83: Доплаты к пенсиям муниципальных служащих Республики Мордовия | B83: 910 | C83: 10 | D83: 01 | E83: 89 | F83: 1 | G83: 00 | H83: 03010 | J83: =J84 -> 66.4 | K83: =K84 -> 69.1 | L83: =L84 -> 71.3
A84: Социальное обеспечение и иные выплаты населению | B84: 910 | C84: 10 | D84: 01 | E84: 89 | F84: 1 | G84: 00 | H84: 03010 | I84: 300 | J84: =J85 -> 66.4 | K84: =K85 -> 69.1 | L84: =L85 -> 71.3
A85: Публичные нормативные социальные выплаты гражданам | B85: 910 | C85: 10 | D85: 01 | E85: 89 | F85: 1 | G85: 00 | H85: 03010 | I85: 310 | J85: 66.4 | K85: 69.1 | L85: 71.3
A86: Обслуживание государственного и муниципального долга | B86: 910 | C86: 13 | J86: =J87 -> 1 | K86: =K87 -> 1 | L86: =L87 -> 1
A87: Обслуживание государственного внутреннего и муниципального долга | B87: 910 | C87: 13 | D87: 01 | J87: =J88 -> 1 | K87: =K88 -> 1 | L87: =L88 -> 1
A88: Непрограммные расходы главных распорядителей средств бюджета Адашевского сельского поселения Кадошкинского муниципального района Республики Мордовия | B88: 910 | C88: 13 | D88: 01 | E88: 89 | J88: =J89 -> 1 | K88: =K89 -> 1 | L88: =L89 -> 1
A89: Непрограммные расходы в рамках обеспечения деятельности главных распорядителей средств бюджета Адашевского сельского поселения Кадошкинского муниципального района Республики Мордовия | B89: 910 | C89: 13 | D89: 01 | E89: 89 | F89: 1 | J89: =J90 -> 1 | K89: =K90 -> 1 | L89: =L90 -> 1
A90: Процентные платежи по муниципальному долгу | B90: 910 | C90: 13 | D90: 01 | E90: 89 | F90: 1 | G90: 00 | H90: 41240 | J90: =J91 -> 1 | K90: =K91 -> 1 | L90: =L91 -> 1
A91: Обслуживание государственного (муниципального) долга | B91: 910 | C91: 13 | D91: 01 | E91: 89 | F91: 1 | G91: 00 | H91: 41240 | I91: 700 | J91: =J92 -> 1 | K91: =K92 -> 1 | L91: =L92 -> 1
A92: Обслуживание муниципального долга | B92: 910 | C92: 13 | D92: 01 | E92: 89 | F92: 1 | G92: 00 | H92: 41240 | I92: 730 | J92: 1 | K92: 1 | L92: 1
A93: Условно утверждаемые расходы | B93: 916 | C93: 99 | D93: 99 | E93: 05 | F93: 2 | G93: 01 | H93: 41990 | K93: =K94 -> 18.9 | L93: =L94 -> 36.1
A94: Резервные средства | B94: 916 | C94: 100 | D94: 100 | E94: 05 | F94: 2 | G94: 01 | H94: 41990 | I94: 870 | K94: 18.9 | L94: 36.1

Sheet Прил 6
I1: Приложение 6
A3: РАСПРЕДЕЛЕНИЕ БЮДЖЕТНЫХ АССИГНОВАНИЙ БЮДЖЕТА АДАШЕВСКОГО СЕЛЬСКОГО ПОСЕЛЕНИЯ КАДОШКИНСКОГО МУНИЦИПАЛЬНОГО РАЙОНА РЕСПУБЛИКИ МОРДОВИЯ ПО ЦЕЛЕВЫМ СТАТЬЯМ, ГРУППАМ (ГРУППАМ И ПОДГРУППАМ) ВИДОВ РАСХОДОВ КЛАССИФИКАЦИИ РАСХОДОВ БЮДЖЕТОВ, А ТАКЖЕ ПО РАЗДЕЛАМ И ПОДРАЗДЕЛАМ КЛАССИФИКАЦИИ РАСХОДОВ БЮДЖЕТОВ НА 2020 ГОД И НА ПЛАНОВЫЙ ПЕРИОД 2021 И 2022 ГОДОВ
A5: Наименование | B5: ЦСР | F5: ВР | G5: Рз | H5: ПРз | I5: Адм | J5: Сумма (тыс. рублей)
J6: 2020 год | K6: 2021 год | L6: 2022 год
A7: 1 | B7: 2 | C7: 3 | D7: 4 | E7: 5 | F7: 6 | G7: 7 | H7: 8 | I7: 9 | J7: 10 | K7: 11 | L7: 12
A8: ВСЕГО | J8: =J9+J52 -> 1200.7 | K8: =K9+K52 -> 836.7 | L8: =L9+L52 -> 802.4
A9: Обеспечение деятельности администрации | B9: 65 | J9: =J10+J23 -> 771.5 | K9: =K10+K23 -> 389.1 | L9: =L10+L23 -> 347.7
A10: Высшее должностное лицо | B10: 65 | C10: 1 | J10: =J11+J17 -> 314.4 | K10: =K11+K17 -> 146.3 | L10: =L11+L17 -> 115.7
A11: Расходы на выплаты по оплате труда высшего должностного лица муниципального образования | B11: 65 | C11: 1 | D11: 00 | E11: 41150 | J11: =J14 -> 140.1 | K11: =K14 -> 146.3 | L11: =L14 -> 115.7
A12: Расходы на выплаты персоналу в целях обеспечения выполнения функций государственными (муниципальными) органами, казенными учреждениями, органами управления государственными внебюджетными фондами | B12: 65 | C12: 1 | D12: 00 | E12: 41150 | F12: 100 | J12: =J13 -> 140.1 | K12: =K13 -> 146.3 | L12: =L13 -> 115.7
A13: Расходы на выплаты персоналу государственных (муниципальных) органов | B13: 65 | C13: 1 | D13: 00 | E13: 41150 | F13: 120 | J13: =J14 -> 140.1 | K13: =K14 -> 146.3 | L13: =L14 -> 115.7
A14: Общегосударственные вопросы | B14: 65 | C14: 1 | D14: 00 | E14: 41150 | F14: 120 | G14: 01 | J14: =J15 -> 140.1 | K14: =K15 -> 146.3 | L14: =L15 -> 115.7
A15: Функционирование высшего должностного лица субъекта Российской Федерации и муниципального образования | B15: 65 | C15: 1 | D15: 00 | E15: 41150 | F15: 120 | G15: 01 | H15: 02 | J15: =J16 -> 140.1 | K15: =K16 -> 146.3 | L15: =L16 -> 115.7
A16: Администрация Адашевского сельского поселения Кадошкинского муниципального района Республики Мордовия | B16: 65 | C16: 1 | D16: 00 | E16: 41150 | F16: 120 | G16: 01 | H16: 02 | I16: 910 | J16: ='Прил 5'!J16 -> 140.1 | K16: ='Прил 5'!K16 -> 146.3 | L16: ='Прил 5'!L16 -> 115.7
A17: Субсидии на софинансирование расходных обязательств по финансовому обеспечению деятельности органов местного самоуправления и муниципальных учреждений | B17: 65 | C17: 1 | D17: 00 | E17: 44205 | J17: =J18 -> 174.3 | K17: =K18 -> 0 | L17: =L18 -> 0
A18: Расходы на выплаты персоналу в целях обеспечения выполнения функций государственными (муниципальными) органами, казенными учреждениями, органами управления государственными внебюджетными фондами | B18: 65 | C18: 1 | D18: 00 | E18: 44205 | F18: 100 | J18: =J19 -> 174.3 | K18: =K19 -> 0 | L18: =L19 -> 0
A19: Расходы на выплаты персоналу государственных (муниципальных) органов | B19: 65 | C19: 1 | D19: 00 | E19: 44205 | F19: 120 | J19: =J20 -> 174.3 | K19: =K20 -> 0 | L19: =L20 -> 0
A20: Общегосударственные вопросы | B20: 65 | C20: 1 | D20: 00 | E20: 44205 | F20: 120 | G20: 01 | J20: =J21 -> 174.3 | K20: =K21 -> 0 | L20: =L21 -> 0
A21: Функционирование высшего должностного лица субъекта Российской Федерации и муниципального образования | B21: 65 | C21: 1 | D21: 00 | E21: 44205 | F21: 120 | G21: 01 | H21: 02 | J21: =J22 -> 174.3 | K21: =K22 -> 0 | L21: =L22 -> 0
A22: Администрация Адашевского сельского поселения Кадошкинского муниципального района Республики Мордовия | B22: 65 | C22: 1 | D22: 00 | E22: 44205 | F22: 120 | G22: 01 | H22: 02 | I22: 910 | J22: ='Прил 5'!J19 -> 174.3 | K22: ='Прил 5'!K19 -> 0 | L22: ='Прил 5'!L19 -> 0
A23: Непрограммные расходы в рамках обеспечения деятельности администрации | B23: 65 | C23: 2 | J23: =J24+J30+J41 -> 457.1 | K23: =K24+K30+K41 -> 242.8 | L23: =L24+L30+L41 -> 232
A24: Расходы на выплаты по оплате труда работников органов местного самоуправления | B24: 65 | C24: 2 | D24: 00 | E24: 41110 | J24: =J25 -> 103.6 | K24: =K27 -> 174.5 | L24: =L27 -> 163.5
A25: Расходы на выплаты персоналу в целях обеспечения выполнения функций государственными (муниципальными) органами, казенными учреждениями, органами управления государственными внебюджетными фондами | B25: 65 | C25: 2 | D25: 00 | E25: 41110 | F25: 100 | J25: =J26 -> 103.6 | K25: =K26 -> 174.5 | L25: =L26 -> 163.5
A26: Расходы на выплаты персоналу государственных (муниципальных) органов | B26: 65 | C26: 2 | D26: 00 | E26: 41110 | F26: 120 | J26: =J27 -> 103.6 | K26: =K27 -> 174.5 | L26: =L27 -> 163.5
A27: Общегосударственные вопросы | B27: 65 | C27: 2 | D27: 00 | E27: 41110 | F27: 120 | G27: 01 | J27: =J28 -> 103.6 | K27: =K28 -> 174.5 | L27: =L28 -> 163.5
A28: Функционирование Правительства Российской Федерации, высших органов исполнительной власти субъектов Российской Федерации, местных администраций | B28: 65 | C28: 2 | D28: 00 | E28: 41110 | F28: 120 | G28: 01 | H28: 04 | J28: =J29 -> 103.6 | K28: =K29 -> 174.5 | L28: =L29 -> 163.5
A29: Администрация Адашевского сельского поселения Кадошкинского муниципального района Республики Мордовия | B29: 65 | C29: 2 | D29: 00 | E29: 41110 | F29: 120 | G29: 01 | H29: 04 | I29: 910 | J29: ='Прил 5'!J25 -> 103.6 | K29: ='Прил 5'!K25 -> 174.5 | L29: ='Прил 5'!L25 -> 163.5
A30: Расходы на обеспечение функций органов местного самоуправления | B30: 65 | C30: 2 | D30: 00 | E30: 41120 | J30: =J31+J36 -> 147.6 | K30: =K31+K36 -> 68.3 | L30: =L31+L36 -> 68.5
A31: Иные закупки товаров, работ и услуг для обеспечения государственных (муниципальных) нужд | B31: 65 | C31: 2 | D31: 00 | E31: 41120 | F31: 200 | J31: =J32 -> 90 | K31: =K32 -> 10.7 | L31: =L32 -> 10.9
A32: Прочая закупка товаров, работ и услуг | B32: 65 | C32: 2 | D32: 00 | E32: 41120 | F32: 240 | J32: =J33 -> 90 | K32: =K33 -> 10.7 | L32: =L33 -> 10.9
A33: Общегосударственные вопросы | B33: 65 | C33: 2 | D33: 00 | E33: 41120 | F33: 240 | G33: 01 | J33: =J34 -> 90 | K33: =K34 -> 10.7 | L33: =L34 -> 10.9
A34: Функционирование Правительства Российской Федерации, высших органов исполнительной власти субъектов Российской Федерации, местных администраций | B34: 65 | C34: 2 | D34: 00 | E34: 41120 | F34: 240 | G34: 01 | H34: 04 | J34: =J35 -> 90 | K34: =K35 -> 10.7 | L34: =L35 -> 10.9
A35: Администрация Адашевского сельского поселения Кадошкинского муниципального района Республики Мордовия | B35: 65 | C35: 2 | D35: 00 | E35: 41120 | F35: 240 | G35: 01 | H35: 04 | I35: 910 | J35: ='Прил 5'!J28 -> 90 | K35: ='Прил 5'!K28 -> 10.7 | L35: ='Прил 5'!L28 -> 10.9
A36: Закупка товаров, работ и услуг для обеспечения государственных (муниципальных) нужд | B36: 65 | C36: 2 | D36: 00 | E36: 41120 | F36: 800 | J36: =J37 -> 57.6 | K36: =K37 -> 57.6 | L36: =L37 -> 57.6
A37: Иные закупки товаров, работ и услуг для обеспечения государственных (муниципальных) нужд | B37: 65 | C37: 2 | D37: 00 | E37: 41120 | F37: 850 | J37: =J38 -> 57.6 | K37: =K38 -> 57.6 | L37: =L38 -> 57.6
A38: Общегосударственные вопросы | B38: 65 | C38: 2 | D38: 00 | E38: 41120 | F38: 850 | G38: 01 | J38: =J39 -> 57.6 | K38: =K39 -> 57.6 | L38: =L39 -> 57.6
A39: Функционирование Правительства Российской Федерации, высших органов исполнительной власти субъектов Российской Федерации, местных администраций | B39: 65 | C39: 2 | D39: 00 | E39: 41120 | F39: 850 | G39: 01 | H39: 04 | J39: =J40 -> 57.6 | K39: =K40 -> 57.6 | L39: =L40 -> 57.6
A40: Администрация Адашевского сельского поселения Кадошкинского муниципального района Республики Мордовия | B40: 65 | C40: 2 | D40: 00 | E40: 41120 | F40: 850 | G40: 01 | H40: 04 | I40: 910 | J40: ='Прил 5'!J29 -> 57.6 | K40: ='Прил 5'!K29 -> 57.6 | L40: ='Прил 5'!L29 -> 57.6
A41: Субсидии на софинансирование расходных обязательств по финансовому обеспечению деятельности органов местного самоуправления и муниципальных учреждений | B41: 65 | C41: 2 | D41: 00 | E41: 44205 | J41: =J42+J47 -> 205.9 | K41: =K42+K47 -> 0 | L41: =L42+L47 -> 0
A42: Расходы на выплаты персоналу в целях обеспечения выполнения функций государственными (муниципальными) органами, казенными учреждениями, органами управления государственными внебюджетными фондами | B42: 65 | C42: 2 | D42: 00 | E42: 44205 | F42: 100 | J42: =J43 -> 163.1 | K42: =K43 -> 0 | L42: =L43 -> 0
A43: Расходы на выплаты персоналу государственных (муниципальных) органов | B43: 65 | C43: 2 | D43: 00 | E43: 44205 | F43: 120 | J43: =J44 -> 163.1 | K43: =K44 -> 0 | L43: =L44 -> 0
A44: Общегосударственные вопросы | B44: 65 | C44: 2 | D44: 00 | E44: 44205 | F44: 120 | G44: 01 | J44: =J45 -> 163.1 | K44: =K45 -> 0 | L44: =L45 -> 0
A45: Функционирование Правительства Российской Федерации, высших органов исполнительной власти субъектов Российской Федерации, местных администраций | B45: 65 | C45: 2 | D45: 00 | E45: 44205 | F45: 120 | G45: 01 | H45: 04 | J45: =J46 -> 163.1 | K45: =K46 -> 0 | L45: =L46 -> 0
A46: Администрация Адашевского сельского поселения Кадошкинского муниципального района Республики Мордовия | B46: 65 | C46: 2 | D46: 00 | E46: 44205 | F46: 120 | G46: 01 | H46: 04 | I46: 910 | J46: ='Прил 5'!J33 -> 163.1 | K46: ='Прил 5'!K33 -> 0 | L46: ='Прил 5'!L33 -> 0
A47: Иные закупки товаров, работ и услуг для обеспечения государственных (муниципальных) нужд | B47: 65 | C47: 2 | D47: 00 | E47: 44205 | F47: 200 | J47: =J48 -> 42.8 | K47: =K48 -> 0 | L47: =L48 -> 0
A48: Прочая закупка товаров, работ и услуг | B48: 65 | C48: 2 | D48: 00 | E48: 44205 | F48: 240 | J48: =J49 -> 42.8 | K48: =K49 -> 0 | L48: =L49 -> 0
A49: Общегосударственные вопросы | B49: 65 | C49: 2 | D49: 00 | E49: 44205 | F49: 240 | G49: 01 | J49: =J50 -> 42.8 | K49: =K50 -> 0 | L49: =L50 -> 0
A50: Функционирование Правительства Российской Федерации, высших органов исполнительной власти субъектов Российской Федерации, местных администраций | B50: 65 | C50: 2 | D50: 00 | E50: 44205 | F50: 240 | G50: 01 | H50: 04 | J50: =J51 -> 42.8 | K50: =K51 -> 0 | L50: =L51 -> 0
A51: Администрация Адашевского сельского поселения Кадошкинского муниципального района Республики Мордовия | B51: 65 | C51: 2 | D51: 00 | E51: 44205 | F51: 240 | G51: 01 | H51: 04 | I51: 910 | J51: ='Прил 5'!J35 -> 42.8 | K51: ='Прил 5'!K35 -> 0 | L51: ='Прил 5'!L35 -> 0
A52: Непрограммные расходы главных распорядителей средств бюджета Адашевского сельского поселения Кадошкинского муниципального района Республики Мордовия | B52: 89 | J52: =J53 -> 429.2 | K52: =K53 -> 447.6 | L52: =L53 -> 454.7
A53: Непрограммные расходы в рамках обеспечения деятельности главных распорядителей средств бюджета Адашевского сельского поселения Кадошкинского муниципального района Республики Мордовия | B53: 89 | C53: 1 | J53: =J59+J65+J71+J89+J95+J101+J112+J77+J83+J106 -> 429.2 | K53: =K59+K65+K71+K89+K95+K101+K112+K77+K83+K106 -> 447.6 | L53: =L59+L65+L71+L89+L95+L101+L112+L77+L83+L106 -> 454.7
A54: Доплаты к пенсиям муниципальных служащих | B54: 89 | C54: 1 | D54: 00 | E54: 03010 | J54: =J57 -> 66.4 | K54: =K57 -> 69.1 | L54: =L57 -> 71.3
A55: Социальное обеспечение и иные выплаты населению | B55: 89 | C55: 1 | D55: 00 | E55: 03010 | F55: 300 | J55: =J56 -> 66.4 | K55: =K56 -> 69.1 | L55: =L56 -> 71.3
A56: Публичные нормативные социальные выплаты гражданам | B56: 89 | C56: 1 | D56: 00 | E56: 03010 | F56: 310 | J56: =J57 -> 66.4 | K56: =K57 -> 69.1 | L56: =L57 -> 71.3
A57: Социальная политика | B57: 89 | C57: 1 | D57: 00 | E57: 03010 | F57: 310 | G57: 10 | J57: =J58 -> 66.4 | K57: =K58 -> 69.1 | L57: =L58 -> 71.3
A58: Пенсионное обеспечение | B58: 89 | C58: 1 | D58: 00 | E58: 03010 | F58: 310 | G58: 10 | H58: 01 | J58: =J59 -> 66.4 | K58: =K59 -> 69.1 | L58: =L59 -> 71.3
A59: Администрация Адашевского сельского поселения Кадошкинского муниципального района Республики Мордовия | B59: 89 | C59: 1 | D59: 00 | E59: 03010 | F59: 310 | G59: 10 | H59: 01 | I59: 910 | J59: ='Прил 5'!J85 -> 66.4 | K59: ='Прил 5'!K85 -> 69.1 | L59: ='Прил 5'!L85 -> 71.3
A60: Резервный фонд администрации Адашевского сельского поселения Кадошкинского муниципального района Республики Мордовия | B60: 89 | C60: 1 | D60: 00 | E60: 41180 | J60: =J63 -> 1 | K60: =K63 -> 1 | L60: =L63 -> 1
A61: Иные бюджетные ассигнования | B61: 89 | C61: 1 | D61: 00 | E61: 41180 | F61: 800 | J61: =J62 -> 1 | K61: =K62 -> 1 | L61: =L62 -> 1
A62: Резервные средства | B62: 89 | C62: 1 | D62: 00 | E62: 41180 | F62: 870 | J62: =J63 -> 1 | K62: =K63 -> 1 | L62: =L63 -> 1
A63: Общегосударственные вопросы | B63: 89 | C63: 1 | D63: 00 | E63: 41180 | F63: 870 | G63: 01 | J63: =J64 -> 1 | K63: =K64 -> 1 | L63: =L64 -> 1
A64: Резервные фонды | B64: 89 | C64: 1 | D64: 00 | E64: 41180 | F64: 870 | G64: 01 | H64: 11 | J64: =J65 -> 1 | K64: =K65 -> 1 | L64: =L65 -> 1
A65: Администрация Адашевского сельского поселения Кадошкинского муниципального района Республики Мордовия | B65: 89 | C65: 1 | D65: 00 | E65: 41180 | F65: 870 | G65: 01 | H65: 11 | I65: 910 | J65: ='Прил 5'!J46 -> 1 | K65: ='Прил 5'!K46 -> 1 | L65: ='Прил 5'!L46 -> 1
A66: Процентные платежи по муниципальному долгу | B66: 89 | C66: 1 | D66: 00 | E66: 41240 | J66: =J69 -> 1 | K66: =K69 -> 1 | L66: =L69 -> 1
A67: Обслуживание государственного (муниципального) долга | B67: 89 | C67: 1 | D67: 00 | E67: 41240 | F67: 700 | J67: =J68 -> 1 | K67: =K68 -> 1 | L67: =L68 -> 1
A68: Обслуживание муниципального долга | B68: 89 | C68: 1 | D68: 00 | E68: 41240 | F68: 730 | J68: =J69 -> 1 | K68: =K69 -> 1 | L68: =L69 -> 1
A69: Обслуживание государственного и муниципального долга | B69: 89 | C69: 1 | D69: 00 | E69: 41240 | F69: 730 | G69: 13 | J69: =J70 -> 1 | K69: =K70 -> 1 | L69: =L70 -> 1
A70: Обслуживание государственного внутреннего и муниципального долга | B70: 89 | C70: 1 | D70: 00 | E70: 41240 | F70: 730 | G70: 13 | H70: 01 | J70: =J71 -> 1 | K70: =K71 -> 1 | L70: =L71 -> 1
A71: Администрация Адашевского сельского поселения Кадошкинского муниципального района Республики Мордовия | B71: 89 | C71: 1 | D71: 00 | E71: 41240 | F71: 730 | G71: 13 | H71: 01 | I71: 910 | J71: ='Прил 5'!J92 -> 1 | K71: ='Прил 5'!K92 -> 1 | L71: ='Прил 5'!L92 -> 1
A72: Уличное освещение | B72: 89 | C72: 0 | D72: 00 | E72: 43010 | J72: =J75 -> 47 | K72: =K75 -> 45.7 | L72: =L75 -> 36.4
A73: Иные закупки товаров, работ и услуг для обеспечения государственных (муниципальных) нужд | B73: 89 | C73: 0 | D73: 00 | E73: 43010 | F73: 200 | J73: =J74 -> 47 | K73: =K74 -> 45.7 | L73: =L74 -> 36.4
A74: Прочая закупка товаров, работ и услуг | B74: 89 | C74: 0 | D74: 00 | E74: 43010 | F74: 240 | J74: =J75 -> 47 | K74: =K75 -> 45.7 | L74: =L75 -> 36.4
A75: Коммунальное хозяйство | B75: 89 | C75: 0 | D75: 00 | E75: 43010 | F75: 240 | G75: 05 | J75: =J76 -> 47 | K75: =K76 -> 45.7 | L75: =L76 -> 36.4
A76: Благоустройство | B76: 89 | C76: 0 | D76: 00 | E76: 43010 | F76: 240 | G76: 05 | H76: 03 | J76: =J77 -> 47 | K76: =K77 -> 45.7 | L76: =L77 -> 36.4
A77: Администрация Адашевского сельского поселения Кадошкинского муниципального района Республики Мордовия | B77: 89 | C77: 0 | D77: 00 | E77: 43010 | F77: 240 | G77: 05 | H77: 03 | I77: 910 | J77: ='Прил 5'!J75 -> 47 | K77: ='Прил 5'!K75 -> 45.7 | L77: ='Прил 5'!L75 -> 36.4
A78: Прочие мероприятия по благоустройству | B78: 89 | C78: 0 | D78: 00 | E78: 43040 | J78: =J81 -> 15.9 | K78: =K81 -> 17.1 | L78: =L81 -> 12.1
A79: Иные закупки товаров, работ и услуг для обеспечения государственных (муниципальных) нужд | B79: 89 | C79: 0 | D79: 00 | E79: 43040 | F79: 200 | J79: =J80 -> 15.9 | K79: =K80 -> 17.1 | L79: =L80 -> 12.1
A80: Прочая закупка товаров, работ и услуг | B80: 89 | C80: 0 | D80: 00 | E80: 43040 | F80: 240 | J80: =J81 -> 15.9 | K80: =K81 -> 17.1 | L80: =L81 -> 12.1
A81: Коммунальное хозяйство | B81: 89 | C81: 0 | D81: 00 | E81: 43040 | F81: 240 | G81: 05 | J81: =J82 -> 15.9 | K81: =K82 -> 17.1 | L81: =L82 -> 12.1
A82: Благоустройство | B82: 89 | C82: 0 | D82: 00 | E82: 43040 | F82: 240 | G82: 05 | H82: 03 | J82: =J83 -> 15.9 | K82: =K83 -> 17.1 | L82: =L83 -> 12.1
A83: Администрация Адашевского сельского поселения Кадошкинского муниципального района Республики Мордовия | B83: 89 | C83: 0 | D83: 00 | E83: 43040 | F83: 240 | G83: 05 | H83: 03 | I83: 910 | J83: ='Прил 5'!J78 -> 15.9 | K83: ='Прил 5'!K78 -> 17.1 | L83: ='Прил 5'!L78 -> 12.1
A84: Осуществление полномочий по организации в границах поселений электро-, тепло-, газо- и водоснабжения населения, водоотведения в пределах полномочий, установленных законодательством Российской Федерации | B84: 89 | C84: 1 | D84: 00 | E84: 44101 | J84: =J87 -> 0.4 | K84: =K87 -> 0.4 | L84: =L87 -> 0.4
A85: Иные закупки товаров, работ и услуг для обеспечения государственных (муниципальных) нужд | B85: 89 | C85: 1 | D85: 00 | E85: 44101 | F85: 200 | J85: =J86 -> 0.4 | K85: =K86 -> 0.4 | L85: =L86 -> 0.4
A86: Прочая закупка товаров, работ и услуг | B86: 89 | C86: 1 | D86: 00 | E86: 44101 | F86: 240 | J86: =J87 -> 0.4 | K86: =K87 -> 0.4 | L86: =L87 -> 0.4
A87: Жилищно-коммунальное хозяйство | B87: 89 | C87: 1 | D87: 00 | E87: 44101 | F87: 240 | G87: 05 | J87: =J88 -> 0.4 | K87: =K88 -> 0.4 | L87: =L88 -> 0.4
A88: Коммунальное хозяйство | B88: 89 | C88: 1 | D88: 00 | E88: 44101 | F88: 240 | G88: 05 | H88: 02 | J88: =J89 -> 0.4 | K88: =K89 -> 0.4 | L88: =L89 -> 0.4
A89: Администрация Адашевского сельского поселения Кадошкинского муниципального района Республики Мордовия | B89: 89 | C89: 1 | D89: 00 | E89: 44101 | F89: 240 | G89: 05 | H89: 02 | I89: 910 | J89: ='Прил 5'!J69 -> 0.4 | K89: ='Прил 5'!K69 -> 0.4 | L89: ='Прил 5'!L69 -> 0.4
A90: Осуществление полномочий по дорожной деятельности в отношении автомобильных дорог местного значения в границах населенных пунктов поселения и обеспечению безопасности дорожного движения на них | B90: 89 | C90: 1 | D90: 00 | E90: 44102 | J90: =J93 -> 218.7 | K90: =K93 -> 234.4 | L90: =L93 -> 251.8
A91: Иные закупки товаров, работ и услуг для обеспечения государственных (муниципальных) нужд | B91: 89 | C91: 1 | D91: 00 | E91: 44102 | F91: 200 | J91: =J92 -> 218.7 | K91: =K92 -> 234.4 | L91: =L92 -> 251.8
A92: Прочая закупка товаров, работ и услуг | B92: 89 | C92: 1 | D92: 00 | E92: 44102 | F92: 240 | J92: =J93 -> 218.7 | K92: =K93 -> 234.4 | L92: =L93 -> 251.8
A93: Национальная экономика | B93: 89 | C93: 1 | D93: 00 | E93: 44102 | F93: 240 | G93: 04 | J93: =J94 -> 218.7 | K93: =K94 -> 234.4 | L93: =L94 -> 251.8
A94: Дорожное хозяйство (дорожные фонды) | B94: 89 | C94: 1 | D94: 00 | E94: 44102 | F94: 240 | G94: 04 | H94: 09 | J94: =J95 -> 218.7 | K94: =K95 -> 234.4 | L94: =L95 -> 251.8
A95: Администрация Адашевского сельского поселения Кадошкинского муниципального района Республики Мордовия | B95: 89 | C95: 1 | D95: 00 | E95: 44102 | F95: 240 | G95: 04 | H95: 09 | I95: 910 | J95: ='Прил 5'!J62 -> 218.7 | K95: ='Прил 5'!K62 -> 234.4 | L95: ='Прил 5'!L62 -> 251.8
A96: Осуществление первичного воинского учета на территориях, где отсутствуют военные комиссариаты | B96: 89 | C96: 1 | D96: 00 | E96: 51180 | J96: =J99+J102 -> 78.7 | K96: =K99+K102 -> 78.8 | L96: =L99+L102 -> 80.6
A97: Расходы на выплаты персоналу в целях обеспечения выполнения функций государственными (муниципальными) органами, казенными учреждениями, органами управления государственными внебюджетными фондами | B97: 89 | C97: 1 | D97: 00 | E97: 51180 | F97: 100 | J97: =J98 -> 74.8 | K97: =K98 -> 74.8 | L97: =L98 -> 76.6
A98: Расходы на выплаты персоналу государственных (муниципальных) органов | B98: 89 | C98: 1 | D98: 00 | E98: 51180 | F98: 120 | J98: =J99 -> 74.8 | K98: =K99 -> 74.8 | L98: =L99 -> 76.6
A99: Национальная оборона | B99: 89 | C99: 1 | D99: 00 | E99: 51180 | F99: 120 | G99: 02 | J99: =J100 -> 74.8 | K99: =K100 -> 74.8 | L99: =L100 -> 76.6
A100: Мобилизационная и вневойсковая подготовка | B100: 89 | C100: 1 | D100: 00 | E100: 51180 | F100: 120 | G100: 02 | H100: 03 | J100: =J101 -> 74.8 | K100: =K101 -> 74.8 | L100: =L101 -> 76.6
A101: Администрация Адашевского сельского поселения Кадошкинского муниципального района Республики Мордовия | B101: 89 | C101: 1 | D101: 00 | E101: 51180 | F101: 120 | G101: 02 | H101: 03 | I101: 910 | J101: ='Прил 5'!J53 -> 74.8 | K101: ='Прил 5'!K53 -> 74.8 | L101: ='Прил 5'!L53 -> 76.6
A102: Расходы на выплаты персоналу в целях обеспечения выполнения функций государственными (муниципальными) органами, казенными учреждениями, органами управления государственными внебюджетными фондами | B102: 89 | C102: 1 | D102: 00 | E102: 51180 | F102: 200 | J102: =J103 -> 3.9 | K102: =K103 -> 4 | L102: =L103 -> 4
...

Sheet Прил 7
D1: Приложение 7
A3: ИСТОЧНИКИ ВНУТРЕННЕГО ФИНАНСИРОВАНИЯ ДЕФИЦИТА БЮДЖЕТА АДАШЕВСКОГО СЕЛЬСКОГО ПОСЕЛЕНИЯ КАДОШКИНСКОГО МУНИЦИПАЛЬНОГО РАЙОНА РЕСПУБЛИКИ МОРДОВИЯ НА 2020 ГОД И НА ПЛАНОВЫЙ ПЕРИОД 2021 И 2022 ГОДОВ
E4: (тыс.руб.)
A5: Код | B5: НАИМЕНОВАНИЕ | C5: 2020 год | D5: 2021 год | E5: 2022 год
A6: 1 | B6: 2 | C6: 3 | D6: 4 | E6: 5
A7: 000 01 00 00 00 00 0000 000 | B7: ИСТОЧНИКИ ВНУТРЕННЕГО ФИНАНСИРОВАНИЯ ДЕФИЦИТОВ БЮДЖЕТОВ | C7: =C8+C15 -> 23.6 | D7: 0 | E7: 0
A8: 000 01 02 00 00 00 0000 000 | B8: Кредиты кредитных организаций в валюте Российской Федерации | C8: =SUM(C9) -> 23.6 | D8: =SUM(D9) -> 10.4 | E8: =SUM(E9) -> 20.8
A9: 000 01 02 00 00 00 0000 700 | B9: Получение кредитов от кредитных организаций в валюте Российской Федерации | C9: =SUM(C10) -> 23.6 | D9: =SUM(D10) -> 10.4 | E9: =SUM(E10) -> 20.8
A10: 000 01 02 00 00 10 0000 710 | B10: Получение кредитов от других бюджетов бюджетной системы Российской Федерации бюджетами сельских поселений в валюте Российской Федерации | C10: 23.6 | D10: 10.4 | E10: 20.8
A11: 000 01 03 00 00 00 0000 000 | B11: Бюджетные кредиты от других бюджетов бюджетной системы Российской Федерации | C11: =C12 -> 0 | D11: =D12 -> -10.4 | E11: =E12 -> -20.8
A12: 000 01 03 01 00 00 0000 000 | B12: Бюджетные кредиты от других бюджетов бюджетной системы Российской Федерации в валюте Российской Федерации | C12: =C13 -> 0 | D12: =D13 -> -10.4 | E12: =E13 -> -20.8
A13: 000 01 03 01 00 10 0000 800 | B13: Погашение бюджетных кредитов, полученных от других бюджетов бюджетной системы Российской Федерации в валюте Российской Федерации | C13: =SUM(C14) -> 0 | D13: =SUM(D14) -> -10.4 | E13: =SUM(E14) -> -20.8
A14: 000 01 03 01 00 10 0000 810 | B14: Погашение бюджетами сельских поселений кредитов от других бюджетов бюджетной системы Российской Федерации в валюте Российской Федерации | C14: 0 | D14: -10.4 | E14: -20.8
A15: 000 01 05 00 00 00 0000 000 | B15: Изменения остатков средств на счетах по учету средств бюджета | C15: =C18+C19 -> 0 | D15: =D18+D19 -> 0 | E15: =E18+E19 -> 0
A16: 000 01 05 02 00 00 0000 500 | B16: Увеличение прочих остатков средств бюджетов | C16: =SUM(C17) -> -1200.7 | D16: =SUM(D17) -> -836.7 | E16: =SUM(E17) -> -802.4
A17: 000 01 05 02 01 00 0000 510 | B17: Увеличение прочих остатков денежных средств бюджетов | C17: =SUM(C18) -> -1200.7 | D17: =SUM(D18) -> -836.7 | E17: =SUM(E18) -> -802.4
A18: 000 01 05 02 01 10 0000 510 | B18: Увеличение остатков денежных средств местных бюджетов | C18: =-('Прил 3'!C9+C10) -> -1200.7 | D18: =-'Прил 3'!D9 -> -836.7 | E18: =-'Прил 3'!E9 -> -802.4
A19: 000 01 05 02 00 00 0000 600 | B19: Уменьшение прочих остатков средств бюджетов | C19: =SUM(C20) -> 1200.7 | D19: =SUM(D20) -> 836.7 | E19: =SUM(E20) -> 802.4
A20: 000 01 05 02 01 00 0000 610 | B20: Уменьшение прочих остатков денежных средств бюджетов | C20: =SUM(C21) -> 1200.7 | D20: =SUM(D21) -> 836.7 | E20: =SUM(E21) -> 802.4
A21: 000 01 05 02 01 10 0000 610 | B21: Уменьшение прочих остатков денежных средств местных бюджетов | C21: ='Прил 4 '!I8 -> 1200.7 | D21: ='Прил 4 '!J8 -> 836.7 | E21: ='Прил 4 '!K8 -> 802.4
A22: 000 01 00 00 00 00 0000 000 | B22: Итого источников внутреннего финансирования дефицита бюджета Адашевского сельского поселения Кадошкинского муниципального района Республики Мордовия | C22: 23.6 | D22: =D18+D21 -> 0 | E22: =E18+E21 -> 0
B23: Привлечение средств | D23: 10.4 | E23: 20.8

Sheet Прил 8
D1: Приложение 8
A3: ПРОГРАММА МУНИЦИПАЛЬНЫХ ВНУТРЕННИХ ЗАИМСТВОВАНИЙ АДАШЕВСКОГО СЕЛЬСКОГО ПОСЕЛЕНИЯ КАДОШКИНСКОГО МУНИЦИПАЛЬНОГО РАЙОНА РЕСПУБЛИКИ МОРДОВИЯ НА 2020 ГОД И НА ПЛАНОВЫЙ ПЕРИОД 2021 И 2022 ГОДОВ
E6: (тыс.руб.)
A7: № п/п | B7: ВИДЫ ЗАИМСТВОВАНИЙ | C7: Сумма
C8: 2020 год | D8: 2021 год | E8: 2022 год
A9: 1 | B9: 2 | C9: 3 | D9: 4 | E9: 5
A10: I | B10: Кредиты кредитных организаций в валюте Российской Федерации | C10: =C12 -> 0 | D10: =D12 -> 10.4 | E10: =E12 -> 20.8
B11: в том числе:
A12: 1 | B12: Объем привлечения | D12: 10.4 | E12: 20.8
A13: 2 | B13: Объем средств, напрвляемых на погашение основной суммы долга
A14: II | B14: Бюджетные кредиты от других бюджетов бюджетной системы Российской Федерации | C14: =C17 -> 0 | D14: =D17 -> -10.4 | E14: =E17 -> -20.8
B15: в том числе
A16: 1 | B16: Объем привлечения
A17: 2 | B17: Объем средств, напрвляемых на погашение основной суммы долга | D17: -10.4 | E17: -20.8
B18: ВСЕГО | D18: =D12+D17 -> 0 | E18: =E12+E17 -> 0
